 Dungeon Crawl Stone Soup version 0.30-a0-777-ga9a30cbeda (webtiles) character file.

Game seed: 13574487649867431678

1180251 Dirtsage the Thanatomancer (level 27, -20/235 HPs)
             Began as a Demonspawn Monk on Feb 13, 2023.
             Was a High Priest of Wu Jian.
             Killed from afar by a Brimstone Fiend (29 damage)
             ... with damnation
             ... on level 7 of Gehenna.
             The game lasted 06:35:42 (84586 turns).

Dirtsage the Thanatomancer (Demonspawn Monk)       Turns: 84586, Time: 06:35:43

Health: -20/235    AC: 29    Str: 19    XL:     27
Magic:  0/46       EV: 37    Int: 10    God:    Wu Jian [*****.]
Gold:   8643       SH: 29    Dex: 38    Spells: 30/65 levels left

rFire   + + +      SeeInvis .    J - +9 demon blade (vamp)
rCold   . . .      Faith    .    L - +5 kite shield {reflect}
rNeg    + + +      Spirit   +    F - +0 fire dragon scales
rPois   ∞          Reflect  +    a - +2 helmet "Veuhid" {Str+3}
rElec   .          Harm     .    (cloak unavailable)
rCorr   .          Rampage  .    P - +0 pair of gloves of Failure {Stlth+}
Will    +++..      Archmagi +    K - +2 pair of boots
Stlth   +          Clarity  +    H - amulet "Rozeugga" {Reflect Str+3 Slay+2 SH+5}
HPRegen 0.59/turn                Z - ring of Internal Strife {Contam +Blink rF+ rN+ Dex+6}
MPRegen 0.60/turn                O - ring of the Mage {Wiz Archmagi}

@: mighty, lich-form, in a heavenly storm, glowing, unable to read, very slow
A: draining attack, torment immunity, no potions, powered by death 3,
augmentation 3, magic shield, magic regeneration, magic link, (sanguine armour
3), weakness stinger 3, agile 1, clarity, evolution 1
}: 12/15 runes: serpentine, barnacled, slimy, silver, iron, icy, abyssal,
demonic, glowing, magical, fiery, dark
a: End Transformation, Renounce Religion, Evoke Blink, Wall Jump, Serpent's
Lash, Heavenly Storm


You were on level 7 of Gehenna.
You worshipped Wu Jian.
Wu Jian was extremely pleased with you.
You were an undead lich.
You visited 15 branches of the dungeon, and saw 73 of its levels.
You visited Pandemonium 1 time, and saw 16 of its levels.
You visited the Abyss 4 times.
You visited 1 bazaar.
You also visited: Trove and Ice Cave.

You collected 12312 gold pieces.
You spent 3669 gold pieces at shops.

Inventory:

Hand Weapons
 E - a +1 scimitar of flaming
 J - a +9 vampiric demon blade (weapon)
Missiles
 k - 11 silver javelins (quivered)
Armour
 a - the +2 helmet "Veuhid" (worn) {Str+3}
   (You found it in a treasure trove)

   Str:       It affects your strength (+3).
 j - the +2 pair of boots of Happy Babbling {rElec rF- rC++ Dex+3}
   (You found it in a treasure trove)

   Dex:       It affects your dexterity (+3).
   rF:        It makes you vulnerable to fire.
   rC:        It greatly protects you from cold.
   rElec:     It insulates you from electricity.
 C - the +5 faerie dragon scales {rElec rCorr Str+2}
   (You took it off the Enchantress on level 1 of the Depths)

   Str:       It affects your strength (+2).
   rElec:     It insulates you from electricity.
   rCorr:     It protects you from acid and corrosion.
 F - +0 fire dragon scales (worn)
 K - a +2 pair of boots (worn)
 L - a +5 kite shield of reflection (worn)
 P - the +0 pair of gloves of Failure (worn) {Stlth+}
   (You found it on level 2 of the Depths)

   Stlth:     It makes you more stealthy.
 W - the +3 hat of Pondering {ponderous, Will+ MP+10 Int+5}
   (You found it on level 7 of Cocytus)

   Int:       It affects your intelligence (+5).
   MP:        It affects your magic capacity (+10).
   Will:      It increases your willpower.
Jewellery
 m - the ring of Devotion {Ice Fly rPois Int+2}
   (You found it on level 7 of the Iron City of Dis)

   [ring of ice]

   It enhances your ice magic.
   Int:       It affects your intelligence (+2).
   rF:        It makes you vulnerable to fire.
   rC:        It protects you from cold.
   rPois:     It protects you from poison.
   Fly:       It grants you flight.
 w - a ring of flight
 H - the amulet "Rozeugga" (around neck) {Reflect Str+3 Slay+2 SH+5}
   (You found it on level 5 of the Pits of Slime)

   [amulet of reflection]

   It reflects blocked missile attacks.
   Str:       It affects your strength (+3).
   Slay:      It affects your accuracy & damage with ranged weapons and melee
   (+2).
   SH:        It affects your SH (+5).
 I - the ring of Soosm {rC++ Int+4 SInv}
   (You bought it in a shop on level 1 of the Snake Pit)

   [ring of see invisible]

   Int:       It affects your intelligence (+4).
   rC:        It greatly protects you from cold.
   SInv:      It lets you see invisible.
 O - the ring of the Mage (right hand) {Wiz Archmagi}
   (You took it off a frost giant on level 7 of Cocytus)

   [ring of wizardry]

   It improves your spell success rate.
   Archmagi:  It increases the power of your magical spells.
 X - the ring of the Mordant God {Ice rN+++}
   (You took it off a deep elf annihilator on level 3 of the Elven Halls)

   [ring of ice]

   It enhances your ice magic.
   rF:        It makes you vulnerable to fire.
   rC:        It protects you from cold.
   rN:        It renders you almost immune to negative energy.
 Y - the ring of Iputuefa {rC+ Str+2 Dex+4}
   (You found it on level 5 of the Vaults)

   [ring of protection from cold]

   Str:       It affects your strength (+2).
   Dex:       It affects your dexterity (+4).
   rC:        It protects you from cold.
 Z - the ring of Internal Strife (left hand) {Contam +Blink rF+ rN+ Dex+6}
   (You found it on level 3 of the Elven Halls)

   [ring of dexterity]

   Dex:       It affects your dexterity (+6).
   rF:        It protects you from fire.
   rN:        It protects you from negative energy.
   +Blink:    It lets you blink.
   Contam:    It causes magical contamination when unequipped.
Wands
 x - a wand of light (31)
 D - a wand of digging (6)
Scrolls
 g - 13 scrolls of fear
 o - 6 scrolls of enchant weapon
 p - 13 scrolls of fog
 r - 16 scrolls of immolation
 t - 22 scrolls of teleportation
 u - 10 scrolls of magic mapping
 B - 5 scrolls of blinking
 M - 8 scrolls of enchant armour
 Q - 7 scrolls of butterflies
 R - 2 scrolls of brand weapon
 V - 7 scrolls of torment
Potions
 b - 11 potions of berserk rage
 c - 13 potions of ambrosia
 d - 6 potions of might
 h - 3 potions of haste
 l - 14 potions of heal wounds
 n - 3 potions of resistance
 q - 22 potions of curing
 v - 7 potions of mutation
 z - 15 potions of brilliance
 A - 3 potions of cancellation
 G - 10 potions of magic
 N - 2 potions of invisibility
 U - 16 potions of flight
Miscellaneous
 e - a phantom mirror
 f - a phantom mirror
 i - a phantom mirror
 s - a phantom mirror
 y - a condenser vane
 T - a phial of floods (inert)


   Skills:
 + Level 23.0 Fighting
 + Level 22.7 Long Blades
 + Level 16.5 Armour
 - Level 18.9 Dodging
 - Level 1.7 Stealth
 - Level 18.2 Shields
 + Level 19.7 Spellcasting
 + Level 16.9 Summonings
 - Level 23.8 Necromancy
 - Level 15.0 Translocations
 - Level 19.9 Transmutations
 + Level 6.9 Evocations


You had 30 spell levels left.
You knew the following spells:

 Your Spells              Type           Power      Damage    Failure   Level
a - Wereblood             Tmut           65%        N/A       0%          2
b - Necromutation         Tmut/Necr      44%        N/A       6%          8
c - Infestation           Necr           46%        N/A       2%          8
d - Passage of Golubria   Tloc           56%        N/A       1%          4
e - Vhi's Electric Charg  Tloc/Air       74%        N/A       1%          3
f - Malign Gateway        Summ/Tloc      29%        N/A       9%          7
g - Apportation           Tloc           100%       N/A       1%          1
w - Passwall              Tmut/Erth      36%        N/A       1%          2

Your spell library contained the following spells:

 Spells                   Type           Power      Damage    Failure   Level
 Beastly Appendage        Tmut           100%       N/A       0%          1
 Necrotise                Necr           100%       1d9       0%          1
 Summon Small Mammal      Summ           100%       N/A       0%          1
 Sublimation of Blood     Necr           92%        N/A       0%          2
 Vampiric Draining        Necr           92%        2d12      0%          3
 Animate Dead             Necr           92%        N/A       0%          4
 Dispel Undead            Necr           92%        3d29      0%          4
 Kiss of Death            Conj/Necr      100%       2d13      1%          1
 Blink                    Tloc           100%       N/A       1%          2
 Call Imp                 Summ           60%        N/A       1%          2
 Cigotuvi's Dreadful Rot  Necr/Pois/Air  100%       N/A       1%          2
 Lesser Beckoning         Tloc           100%       N/A       1%          2
 Momentum Strike          Conj/Tloc      74%        3d10      1%          2
 Gell's Gravitas          Tloc           56%        N/A       1%          3
 Ignite Poison            Fire/Tmut/Pois 34%        N/A       1%          3
 Portal Projectile        Hex/Tloc       74%        N/A       1%          3
 Spider Form              Tmut/Pois      44%        N/A       1%          3
 Summon Guardian Golem    Hex/Summ       40%        N/A       1%          3
 Teleport Other           Tloc           56%        N/A       1%          3
 Anguish                  Hex/Necr       33%        N/A       1%          4
 Ice Form                 Ice/Tmut       44%        N/A       1%          4
 Manifold Assault         Tloc           56%        N/A       1%          4
 Petrify                  Tmut/Erth      44%        N/A       1%          4
 Agony                    Necr           92%        N/A       1%          5
 Blade Hands              Tmut           32%        N/A       1%          5
 Borgnjor's Vile Clutch   Necr/Erth      33%        N/A       1%          5
 Summon Forest            Summ/Tloc      29%        N/A       1%          5
 Death Channel            Necr           46%        N/A       1%          6
 Summon Cactus Giant      Summ           30%        N/A       1%          6
 Dragon Form              Tmut           32%        N/A       1%          7
 Kindle Blastsparks       Fire/Tloc/Air  58%        2d14      2%          3
 Animate Armour           Summ/Erth      80%        N/A       2%          4
 Summon Ice Beast         Ice/Summ       40%        N/A       2%          4
 Summon Lightning Spire   Summ/Air       40%        N/A       2%          4
 Dispersal                Tloc           28%        N/A       2%          6
 Borgnjor's Revivificati  Necr           46%        N/A       2%          8
 Iskenderun's Mystic Bla  Conj/Tloc      37%        2d9       3%          4
 Alistair's Intoxication  Tmut/Pois      29%        N/A       3%          5
 Irradiate                Conj/Tmut      22%        3d19      3%          5
 Yara's Violent Unravell  Hex/Tmut       22%        3d10      3%          5
 Summon Mana Viper        Hex/Summ       40%        N/A       6%          5
 Monstrous Menagerie      Summ           30%        N/A       6%          7
 Freeze                   Ice            56%        1d7       8%          1
 Magic Dart               Conj           56%        1d5       8%          1
 Sandblast                Erth           28%        2d8       8%          1
 Shock                    Conj/Air       56%        1d6       8%          1
 Simulacrum               Ice/Necr       33%        N/A       9%          6
 Ensorcelled Hibernation  Hex/Ice        28%        N/A       12%         2
 Poisonous Vapours        Pois/Air       28%        N/A       12%         2
 Scorch                   Fire           28%        2d6       12%         2
 Searing Ray              Conj           28%        2d5       12%         2
 Static Discharge         Conj/Air       28%        2-4/arc   12%         2
 Eringya's Noxious Bog    Tmut/Pois      22%        N/A       19%         6
 Statue Form              Tmut/Erth      29%        N/A       19%         6
 Confusing Touch          Hex            14%        N/A       22%         3
 Dazzling Flash           Conj/Hex       28%        N/A       22%         3
 Frozen Ramparts          Ice            28%        1d5       22%         3
 Hailstorm                Conj/Ice       14%        3d5       22%         3
 Inner Flame              Hex/Fire       14%        N/A       22%         3
 Mephitic Cloud           Conj/Pois/Air  14%        N/A       22%         3
 Ozocubu's Armour         Ice            14%        N/A       22%         3
 Stone Arrow              Conj/Erth      28%        3d8       22%         3
 Swiftness                Air            14%        N/A       22%         3
 Tukima's Dance           Hex            14%        N/A       22%         3
 Death's Door             Necr           46%        N/A       38%         9
 Summon Horrible Things   Summ           30%        N/A       41%         8
 Airstrike                Air            7%         2d(1-17)  56%         4
 Cause Fear               Hex            7%         N/A       56%         4
 Flame Wave               Conj/Fire      14%        2d6       56%         4
 Fulminant Prism          Conj/Hex       7%         3d7       56%         4
 Leda's Liquefaction      Hex/Erth       7%         N/A       56%         4
 Disjunction              Tloc           28%        N/A       67%         8
 Storm Form               Tmut/Air       22%        N/A       69%         7
 Spellforged Servitor     Conj/Summ      20%        N/A       86%         7
 Arcjolt                  Conj/Air       7%         1d17      87%         5
 Freezing Cloud           Conj/Ice/Air   7%         6-21      87%         5
 Lee's Rapid Deconstruct  Erth           7%         3d6*      87%         5
 Lightning Bolt           Conj/Air       7%         1d19      87%         5
 Metabolic Englaciation   Hex/Ice        7%         N/A       87%         5
 Silence                  Hex/Air        7%         N/A       87%         5
 Dragon's Call            Summ           30%        N/A       99%         9
 Conjure Ball Lightning   Conj/Air       7%         3x3d6     100%        6
 Starburst                Conj/Fire      7%         6d4       100%        6
 Enfeeble                 Hex            7%         N/A       100%        7
 Orb of Destruction       Conj           7%         9d6       100%        7
 Ozocubu's Refrigeration  Ice            7%         4d9       100%        7
 Discord                  Hex            7%         N/A       100%        8
 Lehudib's Crystal Spear  Conj/Erth      7%         10d3      100%        8
 Maxwell's Capacitive Co  Air            7%         ∞         100%        8
 Chain Lightning          Conj/Air       7%         3d9       100%        9
 Fire Storm               Conj/Fire      7%         8d2       100%        9
 Shatter                  Erth           7%         3d9*      100%        9


Dungeon Overview and Level Annotations

Branches:
Dungeon (15/15)            Temple (1/1) D:6            Lair (5/5) D:8
 Shoals (4/4) Lair:3        Snake (4/4) Lair:3        Slime (5/5) Lair:4
    Orc (2/2) D:12            Elf (3/3) Orc:2        Vaults (5/5) D:14
  Crypt (3/3) Vaults:3       Tomb (0/3) Crypt:3      Depths (4/4) D:15
   Hell (visited)             Dis (7/7) Hell            Geh (7/7) Hell
    Coc (7/7) Hell            Zot (0/5) Depths:4      IceCv (visited)
    Tar: Hell:1

Altars:
Ashenzari
Cheibriados
Dithmenos
Fedhas
Gozag
Hepliaklqana
Kikubaaqudgha
Makhleb
Nemelex Xobeh
Okawaru
Qazlal
Ru
Sif Muna
Trog
Uskayaw
Vehumet
Wu Jian
Xom
Yredelemnul
Jiyva
Lugonu

Shops:
D:10 (   D:13 (   Orc:2 *(*(   Elf:1 [   Elf:2 (*   Snake:1 =::   Snake:4 =
Vaults:5 !   Depths:4 :

Portals:
Hell: Depths:1 Depths:2 Depths:3 Depths:4
Abyss: Lair:5 Depths:1 Depths:3
Pandemonium: Depths:2 Depths:3 Depths:4
Ziggurat: Depths:4

Annotations:
D:3 2 transporters, mopl's ghost, weakling VSBr
Lair:3 exclusion: 4 oklob plants
Elf:1 1 runed translucent door
Depths:4 exclusion: 12 doors
Geh:7 Asmodeus


Innate Abilities, Weirdness & Mutations

You are an undead lich.
Your unarmed attacks are suffused with negative energy.
You are immune to unholy pain and torment.
Your necromantic spells are more powerful.
You cannot drink.
You are immune to poison.
You regenerate a lot of health from kills.
Your magical and physical power is greatly enhanced at high health.
When hurt, damage is shared between your health and your magic reserves.
You regenerate magic rapidly.
When low on magic, you restore magic in place of health.
((When seriously injured, your blood forms very thick armour. (AC +0)))
You have a sharp stinger which inflicts weakening toxins.
You are agile. (Dex +4, Str/Int -1)
You possess an exceptional clarity of mind.
You have hidden genetic potential.


Message History

The sphere of damnation explodes!
The damnation engulfs you!
* * * LOW HITPOINT WARNING * * *
The damnation engulfs the hellion.
The hellion completely resists.
The damnation engulfs Asmodeus.
Asmodeus completely resists.
The hellion gestures at you.
The sphere of damnation explodes!
The damnation engulfs you!!
* * * LOW HITPOINT WARNING * * *
The damnation engulfs the hellion.
The hellion completely resists.
The damnation engulfs Asmodeus.
Asmodeus completely resists.
You take 31 damage, and have 24/235 hp.
You now have 4/46 mp.
The hellion attacks as you move away! You block the hellion's attack.
Asmodeus attacks as you move away! You block Asmodeus's attack.
You regained 2 mp, and now have 6/46 mp.
You cannot see clearly; the smoke and ash is too thick!
You cannot drink potions in your current state!
Aim the phial where?
Press: ? - help, Shift-Dir - straight line, f - Asmodeus, p - hellion
Aim: Asmodeus, wielding the +7 sceptre of Asmodeus (golden dust, lightly wounded, surrounded by flames, infested, weak, haloed)
The torrent of water misses Asmodeus.
The wave splashes down.
Splash!
You fall into the shallow water.
Moving in this stuff is going to be slow.
The hellion is engulfed in water.
Asmodeus is engulfed in water.
The Brimstone Fiend is engulfed in water.
The hellion is engulfed in water.
The hellion gestures at you.
The sphere of damnation explodes!
The damnation engulfs you!!
* * * LOW HITPOINT WARNING * * *
The damnation engulfs Asmodeus.
Asmodeus completely resists.
The damnation engulfs the hellion.
The hellion completely resists.
You block Asmodeus's attack.
You take 15 damage, and have 9/235 hp.
You now have 2/46 mp.
You spin and attack the hellion repeatedly.
Your unstable footing causes you to fumble your attack.
You open the hellion like a pillowcase!!!
You kill the hellion!
The hellion disappears in a puff of smoke!
The Brimstone Fiend gestures at you.
The sphere of damnation explodes!
The damnation engulfs you!!
You die...

§############§##
#......§§§§# §
#......§§☼☼#########
≈###......§§§§#☼§#....#
##.'......§§§☼#☼☼§○2..#
§#.'......§☼§☼#2§#○...#
☼#)#☼§§☼☼§§§§.#&1# ...#
§#.############☼☼# ..#
§#.'..........#§L# .#
§#.'.....####.#§§# #
§###.....#:|'.#§§#
.###.....#)='.#..#
...).....####.#..#
####..........#..#
####'#######..###
##'#######....##
#....#...##....#


You could see Asmodeus (clouds, unsilenced, infested, weak, waterlogged) and a
Brimstone Fiend (unsilenced, waterlogged).

Vanquished Creatures
  Antaeus (Coc:7)
  the Royal Jelly (Slime:5)
  Gloorx Vloq (Pan)
  the Serpent of Hell (Coc:7)
  Mnoleg (Pan)
  Lom Lobon (Pan)
  4 dread liches
  Dispater (Dis:7)
  6 ancient liches
  Mennas (Vaults:3)
  4 juggernauts
  A royal mummy (Dis:1)
  7 shard shrikes
  Boris (twice) (Vaults:4 Crypt:1)
  9 pandemonium lords (Pan)
  Saint Roka (Vaults:1)
  32 caustic shrikes
  The ghost of Dirtsage the Merfolkian Blade, a veteran MfGl of Wu Jian (Depths:2)
  Geryon (Hell)
  2 golden dragons (Depths:3)
  Jory (Crypt:3)
  Nikola (Shoals:1)
  9 Tzitzimimeh
  3 bone dragons
  the Enchantress (Depths:1)
  7 iron giants
  Zenata (Vaults:1)
  12 Brimstone Fiends
  18 hellephants
  9 tentacled monstrosities
  Rupert (D:12)
  Jorgrun (Shoals:1)
  2 walking crystal tomes
  11 liches
  15 Hell Sentinels
  A walking earthen tome (Depths:3)
  19 Ice Fiends
  Mlioglotl (Shoals:2)
  A walking frostbound tome (Depths:2)
  A deep elf master archer (Elf:3)
  2 quicksilver dragons
  21 searing wretches
  A deep elf blademaster (Elf:3)
  23 acid blobs
  28 ancient champions
  5 krakens (Shoals:2)
  16 titans
  Gastronok (D:8)
  Polyphemus (Shoals:2)
  7 tentacled starspawn
  5 tengu reavers
  5 shadow dragons (Vaults:5)
  33 Executioners
  The ghost of Vidul the Warrior, a journeyman OgTm of Gozag (D:14)
  A storm dragon (Vaults:5)
  12 sphinxes
  Kirke (D:12)
  13 rockslimes
  A daeva (Pan)
  6 demonspawn warmongers (Pan)
  Donald (Vaults:4)
  12 nagarajas
  28 azure jellies
  A draconian monk (Depths:4)
  14 fire giants
  11 quicksilver elementals
  16 frost giants
  A revenant (Crypt:1)
  27 narguns
  10 deep elf sorcerers
  Aizul (Vaults:1)
  36 balrugs
  10 iron dragons
  7 curse skulls
  14 vault wardens
  2 juggernaut zombies (Depths:1)
  5 ghost moths
  10 shard shrike simulacra
  A quicksilver ooze (shapeshifter) (Elf:3)
  A deep elf elementalist (Elf:3)
  9 demonspawn corrupters (Pan)
  15 ironbound preservers
  An orc warlord (Orc:1)
  27 very ugly things
  21 cacodemons
  2 draconian annihilators (Pan)
  4 spriggan defenders
  13 stone giants
  10 ironbound thunderhulks
  5 quicksilver oozes
  10 demonspawn blood saints (Pan)
  A juggernaut skeleton (Crypt:2)
  14 reapers
  2 ghouls
  38 war gargoyles
  A green draconian (Depths:4)
  23 vampire knights
  2 red draconians (Depths:4)
  A putrid mouth (Hell)
  24 elemental wellsprings
  Nessos (D:12)
  22 dire elephants
  4 deep elf demonologists
  13 demonspawn black suns (Pan)
  18 lorocyprocas
  2 purple draconians (Depths:4)
  Azrael (D:13)
  3 white draconians (Depths:4)
  6 spark wasps
  14 deep elf annihilators
  14 wendigos
  6 eidola
  12 iron golems
  12 ettins
  10 deep elf death magi
  5 mummy priests (Dis:1)
  14 blizzard demons
  27 green deaths (Pan)
  4 jiangshi
  4 crystal guardians
  6 merfolk javelineers (Shoals:4)
  11 merfolk impalers
  12 yaktaur captains
  An entropy weaver (Vaults:3)
  13 great orbs of eyes
  7 ice dragons
  2 spriggan zombies (Depths:1)
  6 salamander tyrants
  7 fire dragons
  7 deep elf high priests
  A catoblepas (Shoals:2)
  A spectral shadow dragon (D:14)
  4 rakshasas
  12 juggernaut simulacra
  3 spriggan air magi
  36 vault guards
  7 merfolk avatars
  2 ogre magi
  4 peacekeepers
  10 caustic shrike simulacra
  6 hell beasts (Pan)
  3 hydras
  8 centaur warriors
  10 anacondas
  3 merfolk aquamancers
  An anaconda (shapeshifter) (Vaults:1)
  12 naga warriors
  11 ironbound frosthearts
  A fenstrider witch skeleton (Pan)
  36 dancing weapons
  8 two-headed ogres
  2 satyrs (Shoals:4)
  3 spriggan skeletons
  6 boulder beetles
  An alligator snapping turtle (Shoals:2)
  7 deep troll shamans
  6 tengu warriors
  4 death yaks
  5 stokers
  8 deep troll earth magi
  10 vampire magi
  18 hell hogs
  8 orc high priests (Orc:2)
  11 naga sharpshooters
  2 shock serpents (Snake:4)
  8 thrashing horrors
  6 spriggan berserkers
  Urug (Orc:1)
  A storm dragon zombie (Crypt:2)
  Sonja (D:13)
  23 deep elf knights
  A titan zombie (Depths:1)
  Nergalle (D:10)
  68 sun demons
  A titan skeleton (Pan)
  47 soul eaters
  11 shadow wraiths
  8 wretched stars
  10 hell knights (Depths:1)
  9 iron trolls
  A salamander mystic (Snake:4)
  An anaconda zombie (Hell)
  2 spark wasp zombies
  7 crystal echidnas
  37 sixfirhies
  33 skeletal warriors
  10 skysharks
  A spatial maelstrom (Abyss:5)
  2 golden dragon zombies (Depths:1)
  12 sea snakes
  A ghost moth zombie (Crypt:2)
  51 deep trolls
  14 shadow demons
  A bunyip skeleton (Pan)
  5 glowing orange brains
  7 quicksilver dragon simulacra
  9 deep elf archers
  3 tengu zombies (Depths:1)
  15 naga ritualists
  An iron giant skeleton (Pan)
  2 flayed ghosts
  A bog body (IceCv)
  A steelbarb worm (shapeshifter) (Elf:2)
  26 phantasmal warriors
  An obsidian statue (IceCv)
  19 spriggan simulacra
  21 ironbound convokers
  15 wizards
  A shadow dragon zombie (Depths:1)
  7 lindwurms (Vaults:1)
  5 orc knights
  5 necromancers
  10 harpies
  35 deep elf pyromancers
  22 deep elf zephyrmancers
  2 starcursed masses (Abyss:1)
  11 mana vipers
  4 anaconda skeletons
  An iron dragon zombie (Depths:1)
  An oklob plant (Lair:3)
  3 shining eyes
  A faun (shapeshifter) (Lair:5)
  9 fauns
  A fire giant zombie (Depths:1)
  12 salamanders
  An eleionoma zombie (Crypt:1)
  3 frost giant zombies (Depths:1)
  2 orc sorcerers
  2 wolf spiders (D:15)
  A stone giant zombie (Vaults:2)
  30 ugly things
  14 cyclopes
  21 demonic crawlers
  35 black mambas
  5 elephants (Lair:4)
  A black mamba (shapeshifter) (Vaults:5)
  17 manticores
  2 guardian serpents (shapeshifter)
  8 ice statues
  8 guardian serpents
  7 rust devils
  An iron dragon skeleton (Pan)
  A dire elephant zombie (Crypt:3)
  4 titan simulacra
  58 smoke demons
  2 torpor snails (Lair:4)
  4 eyes of devastation
  5 centaur zombies
  18 vault sentinels
  4 water nymphs
  2 centaur skeletons (Pan)
  A torpor snail (shapeshifter) (Depths:3)
  29 orange demons
  12 merfolk sirens
  13 naga magi
  A red draconian zombie (Crypt:1)
  A shock serpent skeleton (Crypt:1)
  8 cane toads
  2 dire elephant skeletons
  27 hellions
  A swamp worm zombie (Crypt:2)
  3 komodo dragons
  3 rime drakes
  10 anaconda simulacra
  8 efreet
  3 iron giant simulacra
  A sea snake zombie (Hell)
  2 bunyip simulacra (Coc:1)
  7 red devils
  19 ice devils
  42 yaktaurs
  7 ancient zymes
  2 tengu conjurers
  16 freezing wraiths
  A golden dragon simulacrum (Coc:2)
  18 tormentors
  A harpy zombie (Crypt:2)
  53 merfolk
  3 hornets
  5 guardian mummies
  37 hellwings
  A queen bee (Lair:3)
  9 trolls
  A mana viper skeleton (Crypt:1)
  3 hydra zombies
  A wolf spider simulacrum (D:15)
  A shadow dragon simulacrum (Coc:1)
  6 wind drakes
  3 polar bears
  A blink frog (shapeshifter) (Vaults:5)
  4 harpy skeletons (Pan)
  A wind drake (shapeshifter) (D:15)
  A boulder beetle zombie (Crypt:2)
  Grinder (D:3)
  2 raiju
  3 dream sheep (Shoals:4)
  A tarantella (shapeshifter) (Lair:5)
  25 blink frogs
  4 stone giant simulacra
  An alligator zombie (Hell)
  9 snapping turtles
  94 slime creatures
  3 ettin zombies (Depths:1)
  2 flying skulls
  A vampire (Abyss:5)
  A centaur simulacrum (Coc:1)
  13 dire elephant simulacra
  Sigmund (D:4)
  3 air elementals (Elf:1)
  An ettin skeleton (Pan)
  20 water elementals
  13 wraiths
  7 spriggans
  An alligator skeleton (Crypt:1)
  74 yaks
  28 ynoxinuls
  9 wyverns
  A wind drake zombie (Crypt:1)
  2 naga simulacra
  An alligator snapping turtle simulacrum (Coc:1)
  16 humans (D:14)
  A basilisk (shapeshifter) (Depths:2)
  5 fire elementals
  2 ushabtiu (Dis:1)
  2 hogs (D:12)
  11 basilisks
  24 neqoxecs
  3 steam dragons
  3 redbacks
  25 vampire mosquitoes
  28 chaos spawn
  18 small abominations
  Menkaure (D:6)
  A naga zombie (Crypt:2)
  3 spatial vortices (Abyss:5)
  18 harpy simulacra
  4 minotaur simulacra (IceCv)
  30 nagas
  26 water moccasins
  Edmund (D:4)
  A glowing shapeshifter zombie (Depths:1)
  10 wargs
  3 human zombies
  Duvessa (D:7)
  56 large abominations
  A demonspawn skeleton (Pan)
  A cane toad zombie (Crypt:3)
  2 hydra simulacra
  A floating eye (Depths:1)
  A glowing shapeshifter skeleton (Crypt:3)
  5 naga skeletons
  3 alligator simulacra
  A sky beast (shapeshifter) (Vaults:5)
  A sky beast (D:8)
  34 orc warriors
  8 hell hounds
  4 ice beasts
  6 black bears
  6 ettin simulacra
  16 ogres
  6 boggarts
  19 centaurs
  2 wolves (Lair:3)
  A human skeleton (Vaults:2)
  A phantom (D:5)
  A blink frog skeleton (Crypt:3)
  A vine stalker zombie (Crypt:2)
  4 kobold brigands
  5 bullfrogs
  4 necrophages
  A rime drake skeleton (Crypt:2)
  5 scorpions
  11 deep troll simulacra (IceCv)
  A wyvern zombie (Crypt:1)
  6 earth elementals
  3 gnoll sergeants (D:12)
  A scorpion (shapeshifter) (Vaults:5)
  A salamander skeleton (Crypt:2)
  9 wights
  A cyclops skeleton (Crypt:3)
  2 yak zombies (Crypt:3)
  Dowan (D:7)
  32 killer bees (Lair:3)
  2 vampire bats (D:8)
  5 lindwurm simulacra
  10 howler monkeys
  11 electric eels
  3 quasits
  An iron imp (Abyss:2)
  4 hounds
  2 gnoll boudas
  31 orc priests
  6 jellies
  Jessica (D:3)
  4 iguanas
  15 orc wizards
  A scorpion zombie (Crypt:2)
  2 hell rats (Lair:1)
  An acid dragon zombie (Crypt:1)
  An ogre skeleton (Crypt:3)
  20 gnolls
  7 adders
  14 river rats
  A steam dragon skeleton (Crypt:1)
  A shadow imp (Abyss:2)
  A white imp (Vaults:2)
  4 ufetubi
  A worm (D:5)
  2 dart slugs
  96 orcs
  6 ball pythons
  6 bat zombies (D:8)
  5 endoplasms
  5 giant cockroaches
  10 goblins
  7 hobgoblins
  12 jackals
  8 kobolds
  7 quokkas
  3 bats
  5 frilled lizards
  A frilled lizard skeleton (Crypt:1)
  An orc skeleton (Crypt:2)
  An orc zombie (Crypt:2)
  11 rats
  A ball lightning (Pan)
  A bush (Lair:3)
  3 creeping infernos
  24 fire vortices
  12 starspawn tentacles
  12 tentacles (Shoals:2)
3800 creatures vanquished.

Vanquished Creatures (collateral kills)
  Cerebov (Pan)
  2 pandemonium lords (Pan)
  A dread lich (Vaults:5)
  A juggernaut (Dis:7)
  2 caustic shrikes (Dis:4)
  2 Brimstone Fiends
  2 iron giants
  A Hell Sentinel (Dis:7)
  2 hellephants (Geh:6)
  A tentacled monstrosity (Pan)
  5 searing wretches (Geh:3)
  A tentacled starspawn (Abyss:5)
  2 ancient champions (Dis:7)
  2 fire giants
  An azure jelly (Coc:7)
  An iron dragon (Dis:7)
  A frost giant (Coc:7)
  A quicksilver elemental (Dis:5)
  7 cacodemons (Pan)
  2 balrugs (Pan)
  A shard shrike simulacrum (Coc:7)
  2 demonspawn corrupters (Pan)
  2 vampire knights (Crypt:3)
  A reaper (Pan)
  A war gargoyle (Dis:7)
  2 very ugly things (Pan)
  A starflower (Abyss:5)
  A demonspawn black sun (Pan)
  A wendigo (Coc:3)
  3 iron golems
  2 lorocyprocas (Pan)
  5 blizzard demons (Pan)
  2 green deaths (Pan)
  A mummy priest (Dis:1)
  A great orb of eyes (Pan)
  A hell beast (Pan)
  6 boulder beetles (Dis:3)
  A crystal echidna (Dis:4)
  7 soul eaters (Pan)
  6 sun demons (Pan)
  A wretched star (Abyss:5)
  2 sixfirhies (Pan)
  7 skeletal warriors (Crypt:3)
  2 shadow demons (Pan)
  2 wizards (Abyss:5)
  A phantasmal warrior (Crypt:3)
  An oklob plant (Abyss:5)
  An ugly thing (Pan)
  5 demonic crawlers
  6 smoke demons (Pan)
  7 orange demons (Pan)
  3 ice statues (Pan)
  An efreet (Pan)
  A hellion (Pan)
  3 ice devils (Pan)
  A guardian mummy (Dis:1)
  A red devil (Pan)
  4 tormentors
  A hellwing (Pan)
  A harpy skeleton (Pan)
  3 ynoxinuls
  A wraith (Crypt:3)
  4 chaos spawn (Pan)
  4 neqoxecs (Pan)
  A small abomination (Abyss:5)
  A harpy simulacrum (Coc:7)
  A naga zombie (Crypt:3)
  6 large abominations (Pan)
  A hydra simulacrum (Coc:7)
  2 floating eyes (Pan)
  An ettin simulacrum (Coc:7)
  4 fire vortices
  A starspawn tentacle (Pan)
166 creatures vanquished.

Vanquished Creatures (others)
  An Ice Fiend (Coc:2)
  A titan (Coc:1)
  A searing wretch (Geh:1)
  3 eldritch tentacles
  A draconian stormcaller (Depths:4)
  A shard shrike simulacrum (Coc:3)
  A war gargoyle (Dis:7)
  An elemental wellspring (Coc:2)
  A wendigo (Coc:1)
  A blizzard demon (Pan)
  2 merfolk impalers (Shoals:2)
  A fire dragon (Depths:4)
  An ettin (Vaults:5)
  2 great orbs of eyes
  An ice dragon (Depths:2)
  A stoker (Geh:7)
  A caustic shrike simulacrum (Coc:2)
  2 quicksilver dragon simulacra (Coc:4)
  A spriggan simulacrum (Coc:3)
  A deep elf archer (Elf:1)
  2 ironbound convokers (Vaults:3)
  3 wizards (Pan)
  A phantasmal warrior (Vaults:5)
  An ugly thing (D:13)
  3 smoke demons (Pan)
  2 hellions
  A freezing wraith (Coc:7)
  3 large abominations
  A tormentor (Coc:3)
  2 anaconda simulacra
  2 hornets (Depths:3)
  A shadow dragon simulacrum (Coc:1)
  2 iron dragon simulacra
  A stone giant simulacrum (Coc:1)
  A spriggan (Depths:3)
  3 dire elephant simulacra
  6 neqoxecs (Pan)
  2 chaos spawn (Pan)
  4 harpy simulacra
  A hydra simulacrum (Coc:1)
  An ettin simulacrum (Coc:1)
  A centaur (D:11)
  5 ball lightnings (Pan)
  4 creeping infernos
  A demonic plant (Abyss:5)
  2 fire vortices (Geh:6)
  19 fungi
  96 plants
  17 starspawn tentacles
  33 tentacles (Shoals:2)
246 creatures vanquished.

Grand Total: 4212 creatures vanquished

Notes
Turn   | Place    | Note
-------+----------+-------------------------------------------
     0 | D:1      | Dirtsage the Demonspawn Monk began the quest for the Orb.
     0 | D:1      | Reached XP level 1. HP: 18/18 MP: 1/1
   325 | D:1      | Gained mutation: You regenerate a little health from kills.
                  | [demonic ancestry]
   325 | D:1      | Reached XP level 2. HP: 22/24 MP: 2/2
   592 | D:1      | Reached XP level 3. HP: 29/29 MP: 3/3
  1142 | D:2      | Found a snail-covered altar of Cheibriados.
  1147 | D:2      | Identified the +4 chain mail of the Hills {rF- Int+8 Slay+6
                  | SInv}
  1301 | D:2      | Reached XP level 4. HP: 35/35 MP: 4/4
  1600 | D:3      | Noticed Grinder
  1619 | D:3      | Killed Grinder
  1620 | D:3      | Gained mutation: You have a small tail. [demonic ancestry]
  1620 | D:3      | Reached XP level 5. HP: 41/41 MP: 5/5
  1620 | D:3      | Gained mutation: When seriously injured, your blood forms
                  | armour. (AC +0) [demonic ancestry]
  1620 | D:3      | Reached XP level 6. HP: 47/47 MP: 6/6
  1693 | D:3      | Found a transporter.
  1695 | D:3      | Found a transporter.
  1696 | D:3      | Noticed mopl's ghost (weakling VSBr)
  1729 | D:3      | Found a blossoming altar of Fedhas.
  1933 | D:3      | Noticed Jessica
  1935 | D:3      | Killed Jessica
  2227 | D:4      | Noticed a steam dragon
  2235 | D:4      | Killed a steam dragon
  2236 | D:4      | Gained mutation: You regenerate health from kills. [demonic
                  | ancestry]
  2236 | D:4      | Reached XP level 7. HP: 40/52 MP: 7/7
  2512 | D:4      | Noticed Sigmund
  2512 | D:4      | Noticed Edmund
  2549 | D:4      | Killed Sigmund
  2660 | D:4      | Killed Edmund
  2661 | D:4      | Gained mutation: You regenerate magic rapidly. [demonic
                  | ancestry]
  2661 | D:4      | Reached XP level 8. HP: 56/58 MP: 8/8
  2793 | D:5      | Entered Level 5 of the Dungeon
  2815 | D:5      | Found a bloodstained altar of Trog.
  2969 | D:5      | Reached skill level 10 in Long Blades
  3115 | D:5      | Reached XP level 9. HP: 62/63 MP: 9/9
  3127 | D:5      | Reached skill level 1 in Armour
  3287 | D:5      | Found a sacrificial altar of Ru.
  3458 | D:6      | Noticed Menkaure
  3627 | D:6      | Killed Menkaure
  3697 | D:6      | Identified the +3 spear "Qelal" {pain, rF+ Str+3 Dex+3}
  3705 | D:6      | Found a staircase to the Ecumenical Temple.
  3717 | Temple   | Entered the Ecumenical Temple
  3740 | Temple   | Became a worshipper of the Wu Jian Council
  3740 | Temple   | Reached * piety under Wu Jian
  3740 | Temple   | Reached ** piety under Wu Jian
  4054 | D:7      | Noticed Duvessa
  4056 | D:7      | Noticed Dowan
  4061 | D:7      | Killed Dowan
  4066 | D:7      | Killed Duvessa
  4328 | D:7      | Learned a level 2 spell: Wereblood
  4854 | D:8      | Found a flagged portal.
  4878 | D:8      | Gained mutation: When seriously injured, your blood forms
                  | thick armour. (AC +0) [demonic ancestry]
  4878 | D:8      | Reached XP level 10. HP: 58/73 MP: 10/10
  4882 | D:8      | Reached skill level 5 in Fighting
  4901 | D:8      | Reached *** piety under Wu Jian
  4956 | D:8      | Reached skill level 5 in Dodging
  5130 | D:8      | Found a staircase to the Lair.
  5334 | D:8      | Noticed Gastronok
  5348 | D:8      | Killed Gastronok
  5349 | D:8      | Reached skill level 5 in Armour
  5349 | D:8      | Reached XP level 11. HP: 40/82 MP: 11/11
  5855 | D:8      | Found an ancient bone altar of Kikubaaqudgha.
  6175 | D:9      | Reached **** piety under Wu Jian
  6204 | D:9      | Found a sparkling altar of Nemelex Xobeh.
  6580 | D:9      | Noticed a centaur warrior
  6582 | D:9      | Noticed a two-headed ogre
  6585 | D:9      | Noticed a boulder beetle
  6598 | D:9      | Noticed a fire crab
  6599 | D:9      | a fire crab changed into a guardian serpent
  6621 | D:9      | Killed a centaur warrior
  6625 | D:9      | Killed a two-headed ogre
  6678 | D:9      | Killed a boulder beetle
  6900 | D:10     | Entered Level 10 of the Dungeon
  7023 | D:10     | Found a shadowy altar of Dithmenos.
  7024 | D:10     | Found a broken altar of Ashenzari.
  7094 | D:10     | Noticed Nergalle
  7110 | D:10     | Killed Nergalle
  7111 | D:10     | Reached skill level 1 in Shields
  7149 | D:10     | Found Nizitol's Firing Range.
  7444 | Lair:1   | Entered Level 1 of the Lair of Beasts
  7473 | Lair:1   | Gained mutation: When hurt, damage is shared between your
                  | health and your magic reserves. [demonic ancestry]
  7473 | Lair:1   | Reached XP level 12. HP: 92/92 MP: 12/12
  7484 | Lair:1   | Reached ***** piety under Wu Jian
  9049 | Lair:3   | Reached skill level 5 in Shields
  9600 | Lair:3   | Found a staircase to the Snake Pit.
  9801 | Lair:3   | Found a staircase to the Shoals.
  9806 | Lair:3   | Gained mutation: You have a tail ending in a sharp stinger.
                  | [demonic ancestry]
  9806 | Lair:3   | Reached XP level 13. HP: 101/101 MP: 13/13
 10149 | Lair:3   | Learned a level 2 spell: Passwall
 10321 | Lair:4   | Found a staircase to the Slime Pits.
 10327 | Lair:4   | Reached ****** piety under Wu Jian
 10329 | Lair:4   | Found a viscous altar of Jiyva.
 11091 | Lair:4   | Saving game... please wait.
 11130 | Lair:5   | Entered Level 5 of the Lair of Beasts
 11480 | Lair:5   | Reached skill level 10 in Fighting
 11592 | Lair:5   | Found a corrupted altar of Lugonu.
 11592 | Lair:5   | Found a one-way gate to the infinite horrors of the Abyss.
 11614 | Lair:5   | Identified the +1 robe of the Harvest {rF+ Dex+4 Stlth+}
 11966 | Lair:5   | Gained mutation: You have a sharp stinger which inflicts
                  | weakening toxins. [demonic ancestry]
 11966 | Lair:5   | Reached XP level 14. HP: 93/111 MP: 12/14
 12853 | D:11     | Reached skill level 1 in Transmutations
 13287 | D:12     | Noticed Rupert
 13306 | D:12     | Killed Rupert
 13307 | D:12     | Reached skill level 10 in Dodging
 13673 | D:12     | Found a staircase to the Orcish Mines.
 13787 | D:12     | Noticed Nessos
 13789 | D:12     | Noticed Kirke
 14055 | D:12     | Killed Nessos
 14314 | D:12     | Killed Kirke
 14730 | Orc:1    | Entered Level 1 of the Orcish Mines
 14869 | Orc:2    | Entered Level 2 of the Orcish Mines
 14919 | Orc:2    | Reached skill level 10 in Armour
 14952 | Orc:2    | Found Waucvom's Antique Weapon Shop.
 14953 | Orc:2    | Found Fottech's General Store.
 15074 | Orc:2    | Bought a slimy long sword for 263 gold pieces
 15074 | Orc:2    | Identified the +3 long sword "Leoc" {freeze, rF++ rN++
                  | Int-3} (You bought it in a shop on level 2 of the Orcish
                  | Mines)
 15278 | Orc:2    | Found a staircase to the Elven Halls.
 15519 | Orc:2    | Found Pyeq's Weapon Shop.
 15552 | Orc:2    | Found Wucuvid's Assorted Antiques.
 15588 | Orc:2    | Bought a scroll of enchant armour for 255 gold pieces
 15588 | Orc:2    | Bought a grey potion for 30 gold pieces
 15588 | Orc:2    | Bought a scroll of fear for 136 gold pieces
 15731 | Orc:1    | Noticed Urug
 15732 | Orc:1    | Noticed an orc warlord
 15744 | Orc:1    | Killed an orc warlord
 15750 | Orc:1    | Killed Urug
 15801 | Orc:1    | Gained mutation: When seriously injured, your blood forms
                  | very thick armour. (AC +0) [demonic ancestry]
 15801 | Orc:1    | Reached XP level 15. HP: 108/120 MP: 13/15
 16178 | Snake:1  | Entered Level 1 of the Snake Pit
 16385 | Snake:1  | Reached skill level 5 in Transmutations
 17943 | D:13     | Noticed Azrael
 17957 | D:13     | Killed Azrael
 17958 | D:13     | Reached skill level 10 in Shields
 18236 | D:13     | Noticed Sonja
 18237 | Abyss:1  | Cast into level 1 of the Abyss (Sonja)
 18580 | Abyss:1  | Noticed a tentacled starspawn
 18696 | Abyss:1  | Noticed a tentacled starspawn
 18701 | D:13     | Escaped the Abyss
 18703 | D:13     | Killed Sonja
 18995 | D:13     | Found Okhitumn's Weapon Emporium.
 19488 | D:14     | Found a transporter.
 19488 | D:14     | Found a transporter.
 19825 | D:14     | Noticed Vidul's ghost (journeyman OgTm)
 20433 | Snake:1  | Found Fuaxenof's Jewellery Shoppe.
 20433 | Snake:1  | Found Keanoajy's Book Shop.
 20434 | Snake:1  | Found Mienaj's Book Shop.
 20522 | Snake:1  | Bought the ring of Soosm {rC++ Int+4 SInv} for 814 gold
                  | pieces
 20677 | Snake:2  | Gained mutation: When low on magic, you restore magic in
                  | place of health. [demonic ancestry]
 20677 | Snake:2  | Reached XP level 16. HP: 129/129 MP: 16/16
 20836 | Snake:2  | Identified the +4 halberd of Youthful Indiscretion {freeze,
                  | rN+ Int-5 Dex+3}
 21565 | Snake:3  | Identified the +5 sling of Tastrahorph {flame, rN+}
 21592 | Snake:3  | Reached skill level 1 in Spellcasting
 22565 | Snake:4  | Entered Level 4 of the Snake Pit
 22726 | Snake:4  | Reached skill level 15 in Long Blades
 22764 | Snake:4  | Got a serpentine rune of Zot
 22835 | Snake:4  | Found Ichupufa's Jewellery Shop.
 24171 | Snake:4  | Reached skill level 5 in Spellcasting
 25019 | Snake:4  | Gained mutation: Your magical and physical power is
                  | slightly enhanced at high health. [demonic ancestry]
 25019 | Snake:4  | Reached XP level 17. HP: 104/139 MP: 21/24
 26051 | Snake:4  | Identified the +10 mace of Histrionic Exoneration {flame,
                  | Fly rF+}
 26722 | Shoals:1 | Entered Level 1 of the Shoals
 26894 | Shoals:1 | Identified the +2 ring mail of the Snail {rElec Stlth+}
 26930 | Shoals:1 | Noticed Jorgrun
 26942 | Shoals:1 | Killed Jorgrun
 27354 | Shoals:1 | Noticed Nikola
 27372 | Shoals:1 | Killed Nikola
 27774 | Shoals:2 | Noticed a kraken
 27879 | Shoals:2 | Saving game... please wait.
 27988 | Shoals:2 | Noticed a kraken
 28009 | Shoals:2 | Killed a kraken
 28252 | Shoals:2 | Noticed Polyphemus
 28286 | Shoals:2 | Killed Polyphemus
 28311 | Shoals:2 | Found a shimmering blue altar of Sif Muna.
 28320 | Shoals:2 | Noticed a kraken
 28345 | Shoals:2 | Killed a kraken
 28426 | Shoals:2 | Reached skill level 10 in Transmutations
 29073 | Shoals:2 | Noticed Mlioglotl
 29081 | Shoals:2 | Killed Mlioglotl
 29115 | Shoals:2 | Killed a kraken
 29116 | Shoals:2 | Reached skill level 1 in Necromancy
 29838 | Shoals:2 | Found a runed translucent door.
 29857 | Shoals:2 | Noticed a kraken
 29887 | Shoals:2 | Killed a kraken
 29901 | Shoals:2 | Noticed a kraken
 29920 | Shoals:2 | Killed a kraken
 29924 | Shoals:2 | HP: 1/140 [merfolk aquamancer/torrent of water (9)]
 30200 | Shoals:2 | Reached skill level 15 in Fighting
 30793 | Shoals:3 | Gained mutation: You regenerate a lot of health from kills.
                  | [demonic ancestry]
 30793 | Shoals:3 | Reached XP level 18. HP: 58/149 MP: 25/29
 31652 | Shoals:4 | Entered Level 4 of the Shoals
 31912 | Shoals:4 | Reached skill level 5 in Necromancy
 31945 | Shoals:4 | Identified the +7 plate armour of Untruth {Str+4 Int+2}
 32163 | Shoals:4 | Got the Atlas of the Inquisitive Shrikes
 32294 | Shoals:4 | Got a barnacled rune of Zot
 33217 | Elf:1    | Entered Level 1 of the Elven Halls
 33217 | Elf:1    | Found a runed translucent gate.
 33217 | Elf:1    | Found a runed translucent gate.
 33217 | Elf:1    | Found a runed translucent gate.
 33217 | Elf:1    | Found a runed translucent gate.
 33217 | Elf:1    | Found a runed translucent gate.
 33217 | Elf:1    | Found a runed translucent gate.
 33220 | Elf:1    | Found a runed translucent door.
 33243 | Elf:1    | Found a runed translucent door.
 33522 | Elf:1    | Found Uwos's Antique Armour Boutique.
 33599 | Elf:1    | Identified the ring "Zunukop" {Str+3 Int+6 Dex+3}
 33875 | Elf:1    | Paralysed by an air elemental for 1 turns
 33880 | Elf:1    | Paralysed by an air elemental for 1 turns
 34183 | Elf:1    | Paralysed by an air elemental for 1 turns
 34188 | Elf:1    | Paralysed by an air elemental for 1 turns
 34753 | Elf:1    | Reached XP level 19. HP: 156/156 MP: 31/31
 35021 | Elf:1    | Identified the +2 cloak "Mealula" {rC+}
 35588 | Elf:2    | Found Jiuffat's Overcharged Wands.
 35744 | Elf:2    | Found Qaddegat's Weapon Shoppe.
 35998 | Elf:2    | Found a runed translucent gate.
 35999 | Elf:2    | Found a runed translucent gate.
 35999 | Elf:2    | Found a runed translucent gate.
 36574 | Elf:3    | Entered Level 3 of the Elven Halls
 36966 | Elf:3    | Noticed a Brimstone Fiend
 36967 | Elf:3    | Noticed a Tzitzimitl
 37024 | Elf:3    | Identified the ring of the Mordant God {Ice rN+++}
 37051 | Elf:3    | Identified the ring of Internal Strife {Contam +Blink rF+
                  | rN+ Dex+6}
 37051 | Elf:3    | Found the +7 Spriggan's Knife {stab, EV+4 Stlth+}
 37064 | Elf:3    | Got the Essays on Crystallized Kinetic Energy
 37145 | Elf:3    | Identified the ring "Puhoit" {rF+ rC- Str+3 SInv}
 38109 | D:14     | Killed Vidul's ghost
 38266 | D:14     | Reached XP level 20. HP: 165/165 MP: 33/33
 38288 | D:15     | Entered Level 15 of the Dungeon
 38361 | D:15     | Found a frozen archway.
 38375 | D:15     | Reached XP level 21. HP: 152/171 MP: 31/34
 38410 | IceCv    | Entered an ice cave
 38948 | IceCv    | Got the Papyrus of Hoarfrost
 39456 | D:15     | Found a staircase to the Depths.
 39911 | Depths:1 | Entered Level 1 of the Depths
 39930 | Depths:1 | Found a gateway to Hell.
 39957 | Depths:1 | Reached skill level 10 in Spellcasting
 39968 | Depths:1 | Reached skill level 10 in Necromancy
 40096 | Depths:1 | Paralysed by a floating eye for 2 turns
 40262 | Depths:1 | Found a basalt altar of Yredelemnul.
 40711 | Depths:1 | Noticed the Enchantress
 40745 | Depths:1 | Killed the Enchantress
 40840 | Depths:1 | Saving game... please wait.
 41351 | Depths:2 | Found an opulent altar of Gozag.
 42189 | Depths:2 | Noticed a juggernaut
 42204 | Depths:2 | Noticed a caustic shrike
 42222 | Depths:2 | Killed a juggernaut
 42222 | Depths:2 | Noticed a caustic shrike
 42223 | Depths:2 | Killed a caustic shrike
 42223 | Depths:2 | Noticed a juggernaut
 42256 | Depths:2 | Killed a caustic shrike
 42634 | Depths:2 | Reached XP level 22. HP: 161/180 MP: 30/36
 42706 | Depths:2 | Killed a juggernaut
 42974 | Depths:2 | Identified the +8 plate armour of the Damp Dolphin {+Inv
                  | rN+++ rCorr Dex-5}
 43164 | Depths:2 | Found a runed translucent gate.
 43164 | Depths:2 | Found a runed translucent gate.
 43164 | Depths:2 | Found a runed translucent gate.
 43179 | Depths:2 | Noticed Dirtsage's ghost (veteran MfGl)
 43297 | Depths:2 | Found a one-way gate leading to the halls of Pandemonium.
 43487 | Depths:2 | Paralysed by a vampire knight for 2 turns
 43493 | Depths:2 | Gained mutation: Your body sometimes deteriorates upon
                  | taking damage. [mutagenic glow]
 44057 | Depths:2 | Killed Dirtsage's ghost
 44370 | Depths:2 | Lost mutation: Your body sometimes deteriorates upon taking
                  | damage. [potion of mutation]
 44370 | Depths:2 | Gained mutation: Your system is resistant to poisons.
                  | (rPois) [potion of mutation]
 44370 | Depths:2 | Gained mutation: Your body sometimes deteriorates upon
                  | taking damage. [potion of mutation]
 44402 | Depths:2 | Identified the +0 pair of gloves of Failure {Stlth+}
 44652 | Depths:3 | Noticed a golden dragon
 44702 | Depths:3 | Killed a golden dragon
 44792 | Depths:3 | Identified the +1 scimitar of Poetz {holy, +Blink rElec}
 44796 | Depths:3 | Gained mutation: Armour fits poorly on your strangely
                  | shaped body. [a cacodemon]
 44799 | Depths:3 | Gained mutation: Your magical capacity is low. (-10% MP) [a
                  | cacodemon]
 44804 | Depths:3 | Gained mutation: You sometimes lose your temper in combat.
                  | [a cacodemon]
 44812 | Depths:3 | Gained mutation: Your spells are a little easier to cast,
                  | but a little less powerful. [a cacodemon]
 45124 | Depths:3 | Lost mutation: Your body sometimes deteriorates upon taking
                  | damage. [potion of mutation]
 45124 | Depths:3 | Lost mutation: Your magical capacity is low. (-10% MP)
                  | [potion of mutation]
 45124 | Depths:3 | Gained mutation: You occasionally lose the ability to drink
                  | potions when taking damage. [potion of mutation]
 45124 | Depths:3 | Gained mutation: Your muscles are strong. (Str +4, Int/Dex
                  | -1) [potion of mutation]
 45125 | Depths:3 | Lost mutation: Your muscles are strong. (Str +4, Int/Dex
                  | -1) [potion of mutation]
 45125 | Depths:3 | Lost mutation: You occasionally lose the ability to drink
                  | potions when taking damage. [potion of mutation]
 45125 | Depths:3 | Lost mutation: Armour fits poorly on your strangely shaped
                  | body. [potion of mutation]
 45125 | Depths:3 | Gained mutation: You occasionally lose the ability to read
                  | scrolls when taking damage. [potion of mutation]
 45125 | Depths:3 | Gained mutation: You have sharp fingernails. [potion of
                  | mutation]
 45126 | Depths:3 | Lost mutation: Your system is resistant to poisons. (rPois)
                  | [potion of mutation]
 45126 | Depths:3 | Lost mutation: You have sharp fingernails. [potion of
                  | mutation]
 45126 | Depths:3 | Gained mutation: You are clumsy. (Dex -2) [potion of
                  | mutation]
 45126 | Depths:3 | Gained mutation: You are somewhat resistant to further
                  | mutation. [potion of mutation]
 45127 | Depths:3 | Lost mutation: Your spells are a little easier to cast, but
                  | a little less powerful. [potion of mutation]
 45127 | Depths:3 | Lost mutation: You sometimes lose your temper in combat.
                  | [potion of mutation]
 45127 | Depths:3 | Lost mutation: You occasionally lose the ability to read
                  | scrolls when taking damage. [potion of mutation]
 45127 | Depths:3 | Gained mutation: You passively map a small area around you.
                  | [potion of mutation]
 45136 | Depths:3 | Noticed a golden dragon
 45151 | Depths:3 | Paralysed by a sphinx for 3 turns
 45182 | Depths:3 | Killed a golden dragon
 46665 | Depths:3 | Identified the +3 scale mail of Happy Babbling {Str-4 Int+3
                  | Dex+5}
 46780 | Depths:4 | Entered Level 4 of the Depths
 46784 | Depths:4 | Found a flickering gateway to a bazaar.
 46802 | Depths:4 | Noticed a caustic shrike
 46804 | Depths:4 | Noticed a caustic shrike
 46805 | Depths:4 | Noticed a caustic shrike
 46829 | Depths:4 | Killed a caustic shrike
 46853 | Depths:4 | Killed a caustic shrike
 46856 | Depths:4 | Killed a caustic shrike
 46947 | Bazaar   | Entered a bazaar
 46947 | Bazaar   | Found Ahiheen's Magic Scroll Shop.
 46947 | Bazaar   | Found Bocyel's General Store.
 46947 | Bazaar   | Found Tihoq's Distillery.
 46991 | Bazaar   | Found Gudea's Antique Armour Shoppe.
 46991 | Bazaar   | Found Daceynwue's Antique Weapon Boutique.
 47140 | Bazaar   | Bought a scroll of teleportation for 42 gold pieces
 47140 | Bazaar   | Bought a scroll of magic mapping for 105 gold pieces
 47143 | Bazaar   | Bought a scroll of fear for 64 gold pieces
 47143 | Bazaar   | Bought a scroll of butterflies for 64 gold pieces
 47143 | Bazaar   | Bought a scroll of enchant armour for 120 gold pieces
 47143 | Bazaar   | Bought a scroll of blinking for 120 gold pieces
 47143 | Bazaar   | Bought a scroll of teleportation for 48 gold pieces
 47151 | Bazaar   | Bought a potion of haste for 100 gold pieces
 47151 | Bazaar   | Bought a potion of haste for 100 gold pieces
 47151 | Bazaar   | Bought a potion of might for 40 gold pieces
 47151 | Bazaar   | Bought a potion of curing for 30 gold pieces
 47151 | Bazaar   | Bought a potion of haste for 100 gold pieces
 47151 | Bazaar   | Bought a potion of heal wounds for 50 gold pieces
 47398 | Depths:4 | Found a gate to the Realm of Zot.
 47398 | Depths:4 | Noticed a golden dragon
 47877 | Depths:4 | Reached XP level 23. HP: 164/188 MP: 31/38
 47900 | Depths:4 | Found a one-way gateway to a ziggurat.
 48215 | Depths:4 | Found a sacrificial altar of Ru.
 48768 | Depths:4 | Found Higyme's One-of-a-Kind Books.
 48773 | Depths:4 | Bought Relom's Spellbook of Spectral Lightning for 630 gold
                  | pieces
 48782 | Depths:4 | Learned a level 8 spell: Necromutation
 49259 | Slime:1  | Entered Level 1 of the Pits of Slime
 49273 | Slime:1  | Paralysed by a great orb of eyes for 3 turns
 49569 | Slime:1  | Paralysed by a great orb of eyes for 5 turns
 49704 | Slime:5  | Entered Level 5 of the Pits of Slime
 49740 | Slime:5  | Noticed the Royal Jelly
 49774 | Slime:5  | Killed the Royal Jelly
 49899 | Slime:5  | Found the +8 whip "Snakebite" {venom, curare, rPois}
 50164 | Slime:5  | Got a slimy rune of Zot
 50169 | Slime:5  | Identified the +6 plate armour "Sealifoc" {Dex-5 Slay+5}
 50203 | Slime:5  | Identified the amulet "Rozeugga" {Reflect Str+3 Slay+2
                  | SH+5}
 50272 | Slime:5  | Identified the amulet "Atzitt" {rN+++ Regen+ Dex-2}
 50283 | Slime:5  | Identified the +3 rapier of Distraction {heavy, rC+}
 50309 | Slime:5  | Identified the +1 robe of the Northern Lights {rElec rF-
                  | rC- Will+ rCorr}
 50852 | D:14     | Found a gate to the Vaults.
 50901 | D:14     | Reached XP level 24. HP: 197/197 MP: 39/39
 50903 | Vaults:1 | Entered Level 1 of the Vaults
 50952 | Vaults:1 | Noticed Aizul
 50970 | Vaults:1 | Killed Aizul
 51175 | Vaults:1 | Reached skill level 15 in Necromancy
 51360 | Vaults:1 | Found the +10 dark maul {heavy}
 51502 | Vaults:1 | Noticed Saint Roka
 51526 | Vaults:1 | Killed Saint Roka
 51770 | Vaults:1 | Gained mutation: Your magical and physical power is
                  | enhanced at high health. [demonic ancestry]
 51770 | Vaults:1 | Reached XP level 25. HP: 180/203 MP: 40/40
 51904 | Vaults:1 | Noticed Zenata
 51931 | Vaults:1 | Killed Zenata
 51975 | Vaults:1 | Reached XP level 26. HP: 210/210 MP: 40/40
 53569 | Vaults:3 | Identified the +2 leather armour of the Forest {rPois}
 53648 | Vaults:3 | Identified the +1 robe of Hubris {rN+}
 54577 | Vaults:3 | Reached skill level 15 in Transmutations
 54791 | Vaults:3 | Found a staircase to the Crypt.
 54791 | Vaults:3 | Found a basalt altar of Yredelemnul.
 54792 | Vaults:3 | Found an ancient bone altar of Kikubaaqudgha.
 54838 | Vaults:3 | Noticed Mennas
 54887 | Vaults:3 | Killed Mennas
 55008 | Vaults:4 | Noticed Donald
 55021 | Vaults:4 | Killed Donald
 55304 | Vaults:4 | Noticed Boris
 55311 | Vaults:4 | Killed Boris
 55591 | Vaults:4 | Found a portal to a secret trove of treasure.
 56294 | Vaults:5 | Entered Level 5 of the Vaults
 56315 | Vaults:5 | Gained mutation: Your magical and physical power is greatly
                  | enhanced at high health. [demonic ancestry]
 56315 | Vaults:5 | Reached XP level 27. HP: 181/216 MP: 37/40
 56342 | Vaults:5 | Noticed a dread lich
 56353 | Vaults:5 | Paralysed by a dread lich for 3 turns
 56355 | Vaults:5 | Noticed an ancient lich
 56355 | Vaults:5 | Killed a dread lich
 56381 | Vaults:5 | Noticed an ancient lich
 56396 | Vaults:5 | Killed an ancient lich
 56407 | Vaults:5 | Noticed a dread lich
 56416 | Vaults:5 | Noticed a dread lich
 56421 | Vaults:5 | Killed a dread lich
 56440 | Vaults:5 | Killed a dread lich
 56457 | Vaults:5 | Paralysed by a sphinx for 2 turns
 56463 | Abyss:2  | Cast into level 2 of the Abyss (a deep elf sorcerer)
 56876 | Vaults:5 | Escaped the Abyss
 56942 | Vaults:5 | Killed an ancient lich
 56956 | Vaults:5 | Identified the +7 long sword of Slime {antimagic, rC+}
 57035 | Vaults:5 | Identified the +3 scale mail of the Lost Path {Rampage rF+
                  | Str+3}
 57045 | Vaults:5 | Identified the ring "Plog" {rPois Str+5}
 57060 | Vaults:5 | Got a silver rune of Zot
 57070 | Vaults:5 | Got Tujicw's Excursus on Overcast Freezing
 57122 | Vaults:5 | Identified the +0 cloak "Cizxeth" {Dex+3}
 57144 | Vaults:5 | Identified the +7 flail of Insomnia {pain, rElec rPois
                  | Str-5 SInv}
 57229 | Vaults:5 | Identified the ring of Iputuefa {rC+ Str+2 Dex+4}
 57546 | Vaults:5 | Got the Catalogue of Nocuous Clouds
 57620 | Vaults:5 | Found Cicw's Distillery.
 57624 | Vaults:5 | Bought a potion of resistance for 180 gold pieces
 57624 | Vaults:5 | Bought a potion of cancellation for 144 gold pieces
 57624 | Vaults:5 | Bought a potion of heal wounds for 90 gold pieces
 57624 | Vaults:5 | Bought a potion of mutation for 144 gold pieces
 58547 | Vaults:4 | You paid a toll of +2 shadow dragon scales to enter a
                  | treasure trove
 58548 | Trove    | Entered a treasure trove
 58552 | Trove    | Identified the +2 helmet "Veuhid" {Str+3}
 58568 | Trove    | Identified the +1 hat of the Original Sin {rN++ Str+2 Int-4
                  | Stlth+}
 58573 | Trove    | Identified the +0 chain mail of Submission {Harm Will-
                  | Dex+3}
 58574 | Trove    | Identified the +6 plate armour of the Big Bang {SInv}
 58575 | Trove    | Identified the +2 pair of boots of Happy Babbling {rElec
                  | rF- rC++ Dex+3}
 58580 | Trove    | Identified the +1 kite shield of the Saviour {rElec rPois
                  | Int-4}
 58584 | Trove    | Identified the +1 tower shield of Optimism {Int+3}
 58721 | Crypt:1  | Entered Level 1 of the Crypt
 58731 | Crypt:1  | Noticed Boris
 58740 | Crypt:1  | Killed Boris
 58915 | Crypt:1  | Found a huge runed gate.
 58916 | Crypt:1  | Found a huge runed gate.
 58916 | Crypt:1  | Found a huge runed gate.
 58916 | Crypt:1  | Found a huge runed gate.
 58917 | Crypt:1  | Found a huge runed gate.
 58917 | Crypt:1  | Found a huge runed gate.
 58917 | Crypt:1  | Found a huge runed gate.
 58917 | Crypt:1  | Found a huge runed gate.
 58917 | Crypt:1  | Found a huge runed gate.
 58918 | Crypt:1  | Found a huge runed gate.
 58919 | Crypt:1  | Found a huge runed gate.
 58920 | Crypt:1  | Found a huge runed gate.
 58921 | Crypt:1  | Found a huge runed gate.
 58930 | Crypt:1  | Found a huge runed gate.
 58957 | Crypt:1  | Found a huge runed gate.
 58957 | Crypt:1  | Found a huge runed gate.
 58957 | Crypt:1  | Found a huge runed gate.
 58957 | Crypt:1  | Found a huge runed gate.
 58957 | Crypt:1  | Found a huge runed gate.
 58957 | Crypt:1  | Found a huge runed gate.
 59018 | Crypt:1  | Found a huge runed gate.
 59018 | Crypt:1  | Found a huge runed gate.
 59018 | Crypt:1  | Found a huge runed gate.
 59018 | Crypt:1  | Found a huge runed gate.
 59020 | Crypt:1  | Found a huge runed gate.
 59021 | Crypt:1  | Found a huge runed gate.
 59022 | Crypt:1  | Found a huge runed gate.
 59022 | Crypt:1  | Found a huge runed gate.
 59022 | Crypt:1  | Found a huge runed gate.
 59024 | Crypt:1  | Found a huge runed gate.
 59086 | Crypt:1  | Found a huge runed gate.
 59086 | Crypt:1  | Found a huge runed gate.
 59086 | Crypt:1  | Found a huge runed gate.
 59086 | Crypt:1  | Found a huge runed gate.
 59087 | Crypt:1  | Found a huge runed gate.
 59093 | Crypt:1  | Found a huge runed gate.
 59105 | Crypt:1  | Noticed a dread lich
 59105 | Crypt:1  | Noticed an ancient lich
 59105 | Crypt:1  | Noticed an ancient lich
 59123 | Crypt:1  | Killed a dread lich
 59126 | Crypt:1  | Killed an ancient lich
 59130 | Crypt:1  | Killed an ancient lich
 60998 | Crypt:3  | Entered Level 3 of the Crypt
 61051 | Crypt:3  | Found a staircase to the Tomb.
 61220 | Crypt:3  | Reached skill level 15 in Dodging
 61377 | Crypt:3  | Paralysed by a vampire knight for 3 turns
 61403 | Crypt:3  | Found a basalt altar of Yredelemnul.
 61614 | Crypt:3  | Got Ideolumm's Elucidation of Malevolent Acts
 61624 | Crypt:3  | Learned a level 8 spell: Infestation
 61703 | Crypt:3  | Noticed Jory
 61718 | Crypt:3  | Killed Jory
 61726 | Crypt:3  | Identified the ring "Ylism" {*Corrode Fly rF- rC+++ SInv}
 61739 | Crypt:3  | Got the Encyclopedia of Creeping Geometry
 61743 | Crypt:3  | Got Oxza Ygi's Discursus on Confrontation
 62568 | Pan      | Entered Pandemonium
 62605 | Pan      | Found an exit through the horrors of the Abyss.
 62988 | Pan      | Noticed Lumy the pandemonium lord
 63676 | Pan      | Noticed Gostanki the pandemonium lord
 63701 | Pan      | Killed Gostanki the pandemonium lord
 64431 | Pan      | Noticed Kuzafex the pandemonium lord
 64450 | Pan      | Killed Kuzafex the pandemonium lord
 64596 | Pan      | Identified the +1 sling "Wuxap" {freeze, rCorr}
 65169 | Pan      | Noticed Jeekaom the pandemonium lord
 65175 | Pan      | Killed Jeekaom the pandemonium lord
 65257 | Pan      | Found a runed translucent door.
 65366 | Pan      | Identified the ring of Pousymuo {Fire rCorr Int+5}
 65626 | Pan      | Found an exit through the horrors of the Abyss.
 66013 | Pan      | HP: 6/219 [demonspawn black sun/dispel undead (25)]
 66016 | Pan      | Noticed Mipedepp the pandemonium lord
 66190 | Pan      | Reached skill level 15 in Shields
 66234 | Pan      | Found a runed translucent door.
 66573 | Pan      | Killed Mipedepp the pandemonium lord
 66607 | Pan      | Reached skill level 15 in Spellcasting
 66660 | Pan      | Found an exit through the horrors of the Abyss.
 66702 | Pan      | Noticed Cocahaf the pandemonium lord
 66763 | Pan      | Killed Cocahaf the pandemonium lord
 67578 | Pan      | Entered the realm of Cerebov.
 67812 | Pan      | Found the +6 sword of Cerebov {flame}
 67812 | Pan      | Noticed Cerebov
 67817 | Pan      | Identified the ring "Qur Gos" {rF- rC++ rN+ Str+2 Dex+3}
 67842 | Pan      | Killed Cerebov
 67880 | Pan      | Identified the +5 mace "Dyrin" {holy, rPois}
 67968 | Pan      | Identified the amulet "Zoofay" {RegenMP rPois Str+3 Stlth+}
 67998 | Pan      | Got the Verses on Unified Portals
 68009 | Pan      | Identified the +7 flail of the Solstice {flame, Will+ Str+4
                  | Dex-3}
 68027 | Pan      | Identified the +2 whip "Uvejiq" {freeze, *Rage Str+5}
 68051 | Pan      | Got a fiery rune of Zot
 68101 | Pan      | Learned a level 1 spell: Apportation
 68588 | Pan      | Identified the ring of Weblit {Fire rElec Dex+3}
 69114 | Pan      | Noticed Fuikhlukk the pandemonium lord
 69144 | Pan      | Killed Fuikhlukk the pandemonium lord
 69231 | Pan      | Reached skill level 1 in Summonings
 69231 | Pan      | Reached skill level 1 in Translocations
 69390 | Pan      | Lost mutation: You passively map a small area around you.
                  | [potion of mutation]
 69390 | Pan      | Lost mutation: You are clumsy. (Dex -2) [potion of
                  | mutation]
 69390 | Pan      | Gained mutation: You are weak. (Str -2) [potion of
                  | mutation]
 69391 | Pan      | Lost mutation: You are weak. (Str -2) [potion of mutation]
 69391 | Pan      | Lost mutation: You are somewhat resistant to further
                  | mutation. [potion of mutation]
 69391 | Pan      | Gained mutation: You have sharp toenails. [potion of
                  | mutation]
 69391 | Pan      | Gained mutation: You are dopey. (Int -2) [potion of
                  | mutation]
 69392 | Pan      | Lost mutation: You have sharp toenails. [potion of
                  | mutation]
 69392 | Pan      | Lost mutation: You are dopey. (Int -2) [potion of mutation]
 69392 | Pan      | Gained mutation: You sometimes lose your temper in combat.
                  | [potion of mutation]
 69392 | Pan      | Gained mutation: Your muscles are strong. (Str +4, Int/Dex
                  | -1) [potion of mutation]
 69392 | Pan      | Gained mutation: You are agile. (Dex +4, Str/Int -1)
                  | [potion of mutation]
 69393 | Pan      | Lost mutation: You are agile. (Dex +4, Str/Int -1) [potion
                  | of mutation]
 69393 | Pan      | Lost mutation: You sometimes lose your temper in combat.
                  | [potion of mutation]
 69393 | Pan      | Gained mutation: You are occasionally teleported next to
                  | monsters. [potion of mutation]
 69394 | Pan      | Lost mutation: Your muscles are strong. (Str +4, Int/Dex
                  | -1) [potion of mutation]
 69394 | Pan      | Lost mutation: You are occasionally teleported next to
                  | monsters. [potion of mutation]
 69394 | Pan      | Gained mutation: You have a somewhat thin skeletal
                  | structure. (Dex +2, Stealth+) [potion of mutation]
 69394 | Pan      | Gained mutation: You have a pair of small antennae on your
                  | head. [potion of mutation]
 69395 | Pan      | Lost mutation: You have a somewhat thin skeletal structure.
                  | (Dex +2, Stealth+) [potion of mutation]
 69395 | Pan      | Lost mutation: You have a pair of small antennae on your
                  | head. [potion of mutation]
 69395 | Pan      | Gained mutation: You are agile. (Dex +4, Str/Int -1)
                  | [potion of mutation]
 69395 | Pan      | Lost mutation: You are agile. (Dex +4, Str/Int -1) [potion
                  | of mutation]
 69395 | Pan      | Gained mutation: Potions are less effective at restoring
                  | your health. [potion of mutation]
 69396 | Pan      | Lost mutation: Potions are less effective at restoring your
                  | health. [potion of mutation]
 69396 | Pan      | Gained mutation: You have hidden genetic defects. [potion
                  | of mutation]
 69396 | Pan      | Gained mutation: You have sharp toenails. [potion of
                  | mutation]
 69397 | Pan      | Lost mutation: You have sharp toenails. [potion of
                  | mutation]
 69397 | Pan      | Lost mutation: You have hidden genetic defects. [potion of
                  | mutation]
 69397 | Pan      | Gained mutation: Your muscles are strong. (Str +4, Int/Dex
                  | -1) [potion of mutation]
 69397 | Pan      | Gained mutation: You are agile. (Dex +4, Str/Int -1)
                  | [potion of mutation]
 69397 | Pan      | Gained mutation: You have a pair of small antennae on your
                  | head. [potion of mutation]
 69398 | Pan      | Lost mutation: You have a pair of small antennae on your
                  | head. [potion of mutation]
 69398 | Pan      | Lost mutation: Your muscles are strong. (Str +4, Int/Dex
                  | -1) [potion of mutation]
 69398 | Pan      | Lost mutation: You are agile. (Dex +4, Str/Int -1) [potion
                  | of mutation]
 69398 | Pan      | Gained mutation: Your flesh is cold resistant. (rC+)
                  | [potion of mutation]
 69398 | Pan      | Gained mutation: Your mind is acute. (Int +4, Str/Dex -1)
                  | [potion of mutation]
 69482 | Pan      | Noticed Leonop the pandemonium lord
 69510 | Abyss:5  | Cast into level 5 of the Abyss (Leonop)
 69570 | Abyss:5  | Found a corrupted altar of Lugonu.
 69615 | Abyss:5  | Got an abyssal rune of Zot
 69617 | Pan      | Escaped the Abyss
 69628 | Pan      | Killed Leonop the pandemonium lord
 69647 | Pan      | Got a demonic rune of Zot
 70487 | Pan      | Found an exit through the horrors of the Abyss.
 70516 | Pan      | Noticed Komisef the pandemonium lord
 70609 | Pan      | Killed Komisef the pandemonium lord
 70677 | Pan      | Identified the +1 mace "Yptanitt" {freeze, Will- Int+4
                  | Dex+6 Stlth+}
 71521 | Pan      | Noticed Usuteuf the pandemonium lord
 71533 | Pan      | Killed Usuteuf the pandemonium lord
 71587 | Pan      | Found a runed translucent door.
 71801 | Pan      | Entered the realm of Mnoleg.
 71880 | Pan      | Paralysed by a floating eye for 2 turns
 71882 | Pan      | Noticed Mnoleg
 71909 | Pan      | Paralysed by a floating eye for 2 turns
 71925 | Pan      | Paralysed by a floating eye for 3 turns
 71938 | Pan      | Killed Mnoleg
 72265 | Pan      | Identified the +0 swamp dragon scales of the Catfish {rPois
                  | rN+ MP+9 Int-3 Stlth+}
 72268 | Pan      | Identified the +8 mace of Ambiguity {venom, Fragile Dex+5
                  | Stlth+}
 72318 | Pan      | Reached skill level 5 in Summonings
 72540 | Pan      | Reached skill level 5 in Translocations
 72597 | Pan      | Got a glowing rune of Zot
 72675 | Pan      | Entered the realm of Gloorx Vloq.
 72675 | Pan      | Noticed Gloorx Vloq
 72687 | Pan      | Killed Gloorx Vloq
 73133 | Pan      | Found an exit through the horrors of the Abyss.
 73723 | Pan      | Got a dark rune of Zot
 74039 | Pan      | Noticed Uhoakei the pandemonium lord
 74045 | Pan      | Killed Uhoakei the pandemonium lord
 74102 | Pan      | Found an exit through the horrors of the Abyss.
 74174 | Pan      | Gained mutation: You have a pair of small antennae on your
                  | head. [a neqoxec]
 75055 | Pan      | Entered the realm of Lom Lobon.
 75270 | Pan      | Noticed Lom Lobon
 75303 | Pan      | Killed Lom Lobon
 75630 | Pan      | Got a magical rune of Zot
 76102 | Pan      | Found an exit through the horrors of the Abyss.
 76449 | Pan      | Noticed Rioliluq the pandemonium lord
 76488 | Pan      | Killed Rioliluq the pandemonium lord
 76755 | Pan      | Found an exit through the horrors of the Abyss.
 76797 | Pan      | Took an exit into the Abyss.
 76797 | Abyss:5  | Escaped into the Abyss
 76846 | Abyss:5  | Found a corrupted altar of Lugonu.
 76896 | Depths:2 | Escaped the Abyss
 76935 | Hell     | Entered the Vestibule of Hell
 76963 | Hell     | Found a gateway to the Iron City of Dis.
 76977 | Hell     | Noticed Geryon
 76993 | Hell     | Killed Geryon
 77177 | Hell     | Found a gateway to the ashen valley of Gehenna.
 77392 | Hell     | Found a gateway to the freezing wastes of Cocytus.
 77409 | Coc:1    | Entered Level 1 of Cocytus
 77522 | Coc:1    | Reached skill level 10 in Summonings
 77888 | Coc:2    | Learned a level 4 spell: Passage of Golubria
 77892 | Coc:2    | Learned a level 3 spell: Vhi's Electric Charge
 77900 | Coc:2    | Learned a level 7 spell: Malign Gateway
 78081 | Coc:3    | Paralysed by a wendigo for 1 turns
 78245 | Coc:4    | Paralysed by a wendigo for 1 turns
 78274 | Coc:5    | Reached skill level 10 in Translocations
 78362 | Coc:7    | Entered Level 7 of Cocytus
 78618 | Coc:7    | Paralysed by a wendigo for 1 turns
 78694 | Coc:7    | Noticed the Serpent of Hell
 78703 | Coc:7    | Killed the Serpent of Hell
 78780 | Coc:7    | Noticed Antaeus
 78802 | Coc:7    | Killed Antaeus
 78825 | Coc:7    | Identified the +0 steam dragon scales "Zuupsix" {Str+3
                  | SInv}
 78829 | Coc:7    | Got an icy rune of Zot
 79092 | Coc:7    | Identified the +8 short sword of the Shining Light {drain,
                  | rElec rCorr Str-3 Int+10}
 79238 | Coc:7    | Found the +3 hat of Pondering {ponderous, Will+ MP+10
                  | Int+5}
 79785 | Hell     | Lost mutation: Your flesh is cold resistant. (rC+) [potion
                  | of mutation]
 79785 | Hell     | Lost mutation: Your mind is acute. (Int +4, Str/Dex -1)
                  | [potion of mutation]
 79785 | Hell     | Lost mutation: You have a pair of small antennae on your
                  | head. [potion of mutation]
 79785 | Hell     | Gained mutation: You possess an exceptional clarity of
                  | mind. [potion of mutation]
 79785 | Hell     | Gained mutation: You have hidden genetic potential. [potion
                  | of mutation]
 79849 | Dis:1    | Entered Level 1 of the Iron City of Dis
 80206 | Dis:1    | Noticed a royal mummy
 80212 | Dis:1    | Killed a royal mummy
 80383 | Dis:1    | Noticed an ancient lich
 80383 | Dis:1    | Noticed a dread lich
 80397 | Dis:1    | Killed an ancient lich
 80401 | Dis:1    | Killed a dread lich
 80641 | Dis:4    | Reached skill level 15 in Armour
 80797 | Dis:7    | Entered Level 7 of the Iron City of Dis
 80883 | Dis:7    | Noticed a juggernaut
 80903 | Dis:7    | Killed a juggernaut
 80964 | Dis:7    | Reached skill level 15 in Summonings
 80984 | Dis:7    | Noticed a juggernaut
 80990 | Dis:7    | Killed a juggernaut
 81001 | Dis:7    | Gained mutation: You are agile. (Dex +4, Str/Int -1)
                  | [hidden potential]
 81097 | Dis:7    | Found the +4 staff of Dispater
 81097 | Dis:7    | Noticed Dispater
 81102 | Dis:7    | Noticed a juggernaut
 81327 | Dis:7    | Identified the +3 scale mail "Evvast" {Drain Str+4}
 81330 | Dis:7    | Got the Codex of Turbulent Force
 81517 | Dis:7    | Killed a juggernaut
 81925 | Dis:7    | Identified the ring of the Garden {Str+6 Int+4}
 81962 | Dis:7    | Killed Dispater
 82071 | Dis:7    | Found the +3 greatsling "Punk" {acid, rCorr}
 82076 | Dis:7    | Got an iron rune of Zot
 82078 | Dis:7    | Identified the ring of Devotion {Ice Fly rPois Int+2}
 83455 | Geh:1    | Entered Level 1 of Gehenna
 83527 | Geh:2    | Noticed an ancient lich
 83539 | Geh:2    | Killed an ancient lich
 83544 | Geh:2    | Reached skill level 15 in Translocations
 83597 | Geh:3    | Reached skill level 5 in Evocations
 84151 | Geh:7    | Entered Level 7 of Gehenna
 84380 | Geh:7    | Found the +15 Maxwell's patent armour {-Cast -Tele rElec
                  | Will+ rCorr}
 84575 | Geh:7    | Found the +7 sceptre of Asmodeus
 84575 | Geh:7    | Noticed Asmodeus
 84585 | Geh:7    | HP: 9/235 [hellion/damnation[Asmodeus] (15)]
 84586 | Geh:7    | Killed from afar by a Brimstone Fiend

Illustrated notes

Levels and vault maps discovered:
D:1:      dpeg_arrival_prison, layout_basic, minmay_crystal_water,
          hangedman_feature_mirror, hangedman_decor_opposing
D:2:      layout_rooms, basic_altar
D:3:      layout_loops_ring, fedhas_altar_1, gammafunk_ghost_arena,
          amethyst_killhole, uniq_grinder, uniq_jessica
D:4:      layout_cave_pools, sigmund_edmund_badplayer
D:5:      layout_rooms, bloody_trog, lemuel_doored_altar, minmay_bent
D:6:      layout_rooms, minmay_temple_entry_statues, uniq_menkaure
D:7:      layout_basic, uniq_duvessa
D:8:      layout_loops_corners, kennysheep_vampire_church,
          minmay_lair_entry_grove, enter_bailey_3, uniq_gastronok
D:9:      minmay_chambers_of_sevens, layout_basic,
          nicolae_overflow_crystal_walls, uniq_prince_ribbit1
D:10:     layout_small_grid, chequers_temple_overflow_statue_of_worship,
          nicolae_shop_firing_range, uniq_nergalle
D:11:     layout_irregular_city, serial_bayou_pond_a
D:12:     layout_basic, kennysheep_orc_monster_closet_entryway, uniq_rupert,
          uniq_nessos, uniq_kirke
D:13:     layout_roguey, serial_shops, nicolae_shop_statue_plus,
          serial_bayou_lake_a, uniq_azrael, uniq_sonja
D:14:     layout_small_grid, grunt_vaults_entry_tiered,
          gammafunk_ghost_mausoleum, elyvilon_altar_5
D:15:     hangedman_depths_entry_try_elsewhere_first, layout_rooms,
          minmay_misc_feat_five, portal_ice_cave_entry_ice_simulacra,
          small_statue_alley_a
Temple:   nicolae_temple_ecumenical_triangle
Lair:1:   layout_small_grid, kennysheep_rathole, grunt_megastairs_3,
          infiniplex_staircase_pool_2
Lair:2:   layout_cave_shapes, lemuel_fruit_tree
Lair:3:   hangedman_what_comes_after_a, layout_small_grid,
          elwin_shoals_entry_rooms, nicolae_snake_entry_squirm,
          minmay_lair_oklob_bushes, amcnicky_mini_pool_medium,
          lemuel_fruit_fields
Lair:4:   layout_cave_pods, nicolae_slime_entry_field_trip, st_stairs_12
Lair:5:   hellmonk_lair_end_abyssal_woods, layout_concentric_octagons,
          grunt_megastairs_4
Shoals:1: layout_shoals, uniq_jorgrun, uniq_nikola
Shoals:2: nicolae_shoals_lighthouse, layout_shoals, wheals_shoals_ruined_temple,
          uniq_mlioglotl, uniq_polyphemus
Shoals:3: layout_shoals, st_cyclops
Shoals:4: shoals_end_grunt_ice, layout_shoals
Snake:1:  layout_misc_corridors, minmay_shop_grove, grunt_megastairs_1,
          serial_bayou_shore_a
Snake:2:  layout_honeycomb, st_stairs_6
Snake:3:  layout_misc_corridors
Snake:4:  grunt_snake_rune_spirals, layout_onion_interference, serial_shops,
          nicolae_shop_stone, grunt_ministairs_9, nicolae_snake_naga_rites
Slime:1:  layout_caves
Slime:2:  layout_caves, nicolae_slime_crime_time
Slime:3:  layout_caves
Slime:4:  layout_caves
Slime:5
Orc:1:    layout_caves, basic_altar, uniq_urug
Orc:2:    st_orc_town, layout_caves, basic_altar
Elf:1:    nicolae_elf_arrival_dilemma, layout_geoelf_grid, serial_shops, shop,
          hangedman_elven_crosses_minicolossus,
          minmay_checkered_concentric_circles
Elf:2:    nicolae_elf_blades_crystal_corner, layout_onion_city, serial_shops,
          nicolae_square_shop, nicolae_shop_overcharged_wands
Elf:3:    minmay_elf_hall_dome, layout_geoelf_octagon
Vaults:1: v_rooms_2, st_octagons_1, hangedman_vaults_capsules,
          hangedman_vaults_pinch, nicolae_vaults_ring_of_whatevers,
          hangedman_vaults_corner, hangedman_vaults_river_flow, v_misc_24,
          nicolae_vaults_sealed_display, ontoclasm_vaults_loading_screen,
          grunt_vaults_hallway_short, layout_vaults_maze_snakey, uniq_zenata,
          uniq_aizul, uniq_saint_roka
Vaults:2: hangedman_vaults_cutoff, vaults_mumra_hex, nicolae_vaults_big_ls,
          ontoclasm_vaults_spin, serial_ice_m, hangedman_vaults_impose,
          nicolae_vaults_circle_grid_b, hangedman_vaults_trim,
          layout_vaults_chaotic_city
Vaults:3: vaults_room_boxed, v_misc_1, v_misc_28,
          hangedman_vaults_stretched_pinwheel, v_misc_2,
          minmay_crypt_entry_necro_gods, hangedman_vaults_slice, v_pattern_3,
          hangedman_vaults_stretched_pinwheel, layout_vaults_quadrants,
          uniq_mennas
Vaults:4: ontoclasm_vaults_misaligned, v_pattern_5, vaults_dpeg_doors,
          v_misc_23, nicolae_vaults_windows_and_doors_thing,
          nicolae_vaults_network_barrier, v_rooms_6, hangedman_vaults_snaps,
          v_misc_30, nicolae_vaults_gold_heap, nicolae_vaults_specimen_jars,
          vaults_dpeg_encased_lava, ontoclasm_vaults_ring_small,
          layout_vaults_omnibox, enter_trove_0, uniq_donald, uniq_boris
Vaults:5
Crypt:1:  layout_chaotic_city, door_vault
Crypt:2:  layout_basic, tombwall_bobbens
Crypt:3:  church_of_pain_bobbens, layout_chaotic_city, tomb_entry_simple_bobbens
Depths:1: layout_gridville, hellmouth_3, abyss_entry,
          minmay_misc_feat_diagonals, hangedman_decor_diamond_cutter,
          minmay_misc_feat_four_crosses, nicolae_yredelemnul_corpse_copse,
          uniq_enchantress
Depths:2: minmay_the_grid_3x2 [minmay_the_grid_armoury,
          minmay_the_grid_square_x, minmay_the_grid_minigrid_large,
          minmay_the_grid_spin_star, minmay_the_grid_all_tris,
          minmay_the_grid_prize_four_corners], layout_basic,
          rand_demon_pan_entry_9, gammafunk_ghost_tricky_traps,
          grunt_gozag_breadcrumbs, hell_entry
Depths:3: minmay_swirls_squares, layout_gridlike, grunt_pan_entry_zigzag,
          abyss_entry, minmay_misc_feat_rows, hell_entry
Depths:4: grunt_x_marks_the_spot, layout_basic, enter_ziggurat_f,
          grunt_pan_entry_spiral, serial_shops, bzr_entry_customers, hell_entry,
          nicolae_rare_books, nicolae_ru_path_of_blood
Hell
Dis:1:    layout_regular_city, lemuel_mystery_crypt
Dis:2:    layout_subdivisions
Dis:3:    layout_gridville, nicolae_dis_bowling_alley
Dis:4:    layout_gridville, nicolae_hells_fiendish_ambush
Dis:5:    layout_gridville
Dis:6:    layout_subdivisions
Dis:7:    dis_grunt_layers
Geh:1:    layout_gehenna_lava_caves, nicolae_hells_seeping_fissure
Geh:2:    layout_gehenna_pools_basic, nicolae_geh_backdraft
Geh:3:    nicolae_geh_realm_of_the_lava_sea
Geh:4:    layout_gehenna_pools_box
Geh:5:    nicolae_geh_split_lavaduct, layout_gehenna_pools_triple
Geh:6:    layout_gehenna_pools_basic
Geh:7:    geh_mu
Coc:1:    layout_ice_bergs
Coc:2:    layout_ice_bergs
Coc:3:    layout_ice_bergs
Coc:4:    layout_ice_bergs
Coc:5:    layout_cocytus_water_paths
Coc:6:    layout_cocytus_water_paths
Coc:7:    coc_mu

Skill      XL: |  1  2  3  4  5  6  7  8  9 10 11 12 13 14 15 16 17 18 19 20 21 22 23 24 25 26 27 |
---------------+----------------------------------------------------------------------------------+-----
Long Blades    | 3 4 6 7 9 11 12 13 14 15 16 17 18 22 | 22.7
Armour         | 3 5 6 7 9 10 11 12 13 14 16 | 16.5
Dodging        | 4 5 7 8 9 10 11 12 13 14 18 | 18.9
Fighting       | 4 6 7 9 10 11 12 14 15 16 17 23 | 23.0
Shields        | 2 6 9 10 11 12 13 18 | 18.2
Transmutations | 4 6 8 10 12 13 16 19 | 19.9
Spellcasting   | 5 7 8 9 10 11 12 13 19 | 19.7
Necromancy     | 3 7 9 11 12 14 15 16 19 23 | 23.8
Evocations     | 4 6 |  6.9
Summonings     | 16 | 16.9
Translocations | 15 | 15.0
Stealth        | |  1.7

Action                     |  1- 3 |  4- 6 |  7- 9 | 10-12 | 13-15 | 16-18 | 19-21 | 22-24 | 25-27 || total
---------------------------+-------+-------+-------+-------+-------+-------+-------+-------+-------++-------
  Melee: Falchion          |   130 |    82 |    17 |       |       |       |       |       |       ||   229
         Punch             |     1 |     2 |     3 |     9 |       |       |       |       |       ||    15
         Unarmed           |       |    10 |       |       |       |       |       |       |       ||    10
         Tailslap          |       |     6 |    44 |   167 |   383 |   479 |   455 |   615 |  2204 ||  4353
         Long sword        |       |       |   237 |   890 |  1899 |  2319 |   945 |   587 |       ||  6877
         Rapier            |       |       |       |       |    22 |       |       |       |       ||    22
         Scimitar          |       |       |       |       |     8 |       |  1018 |  1814 |  2689 ||  5529
         Demon blade       |       |       |       |       |       |       |       |       |  5699 ||  5699
  Throw: Dart              |       |       |       |       |     1 |       |       |       |       ||     1
   Cast: Wereblood         |       |       |       |       |     1 |    13 |     6 |     4 |     6 ||    30
         Necromutation     |       |       |       |       |       |       |       |       |   149 ||   149
         Infestation       |       |       |       |       |       |       |       |       |    70 ||    70
         Malign Gateway    |       |       |       |       |       |       |       |       |     1 ||     1
         Vhi's Electric Ch |       |       |       |       |       |       |       |       |     1 ||     1
 Invoke: Serpent's Lash    |       |       |       |     2 |     3 |     2 |     2 |    12 |    18 ||    39
         Heavenly Storm    |       |       |       |       |     4 |     4 |     5 |     3 |    25 ||    41
Ability: Whirlwind         |       |       |    22 |    77 |   603 |   730 |   729 |   858 |  3186 ||  6205
         Lunge             |       |       |     9 |    52 |   101 |   170 |    69 |    75 |   527 ||  1003
         Wall Jump         |       |       |       |       |     1 |     1 |     3 |       |     5 ||    10
  Evoke: Wand              |       |       |     2 |       |     7 |     1 |     2 |     9 |     8 ||    29
         Phial of floods   |       |       |       |       |     1 |     1 |     1 |     1 |     3 ||     7
         Phantom mirror    |       |       |       |       |       |       |       |     1 |     2 ||     3
         Condenser vane    |       |       |       |       |       |       |       |       |     1 ||     1
    Use: Scroll            |       |       |    10 |     8 |    10 |     4 |     3 |     4 |    27 ||    66
         Potion            |       |       |       |       |       |     9 |     2 |    14 |    25 ||    50
   Stab: Sleeping          |     4 |       |       |       |     4 |    12 |    13 |     8 |    39 ||    80
         Invisible         |       |       |     1 |       |     6 |     3 |     1 |     7 |     4 ||    22
         Distracted        |       |       |       |       |     2 |     2 |     3 |     1 |    71 ||    79
         Held in net/web   |       |       |       |       |       |     1 |       |       |       ||     1
         Paralysed         |       |       |       |       |       |       |       |       |     2 ||     2
 Armour: Robe              |     3 |       |       |       |       |       |       |       |       ||     3
         Ring mail         |    31 |       |       |       |   129 |   233 |   176 |       |       ||   569
         Chain mail        |    11 |    65 |   139 |   397 |   325 |       |       |       |       ||   937
         Skin              |       |     2 |       |       |       |       |       |       |       ||     2
         Acid dragon scale |       |       |       |       |       |       |    62 |   357 |   816 ||  1235
         Scale mail        |       |       |       |       |       |       |    32 |       |       ||    32
         Fire dragon scale |       |       |       |       |       |       |       |       |    46 ||    46
  Dodge: Dodged            |    92 |    51 |    80 |   325 |   815 |   964 |   717 |  1040 |  3715 ||  7799
  Block: Buckler           |       |       |       |    73 |   666 |   577 |       |       |       ||  1316
         Reflection        |       |       |       |       |    25 |   101 |    28 |    36 |   128 ||   318
         Kite shield       |       |       |       |       |       |   663 |  1249 |  1656 |  6466 || 10034

Table legend: (Time is in decaauts)
 A = Elapsed time spent in this place.
 B = Non-inter-level travel time spent in this place.
 C = Inter-level travel time spent in this place.
 D = Time resting spent in this place.
 E = Time spent auto-exploring this place.
 F = Levels seen in this place.
 G = Mean time per level.
                   A        B        C        D        E       F      G
               +--------+--------+--------+--------+--------+-----+--------+
         Total |  82932 |  76912 |   6020 |   6209 |  45631 |  96 |  863.9 |
       Dungeon |  13663 |  11485 |   2178 |    733 |   7924 |  15 |  910.9 |
        Temple |     38 |     24 |     14 |      0 |     12 |   1 |   38.0 |
          Lair |   5826 |   4989 |    837 |    233 |   3727 |   5 | 1165.2 |
        Shoals |   5879 |   5605 |    274 |    445 |   3396 |   4 | 1469.8 |
     Snake Pit |   7829 |   7115 |    714 |   1212 |   4442 |   4 | 1957.2 |
    Slime Pits |    903 |    823 |     80 |     33 |    235 |   5 |  180.6 |
  Orcish Mines |   1331 |   1142 |    189 |      0 |    723 |   2 |  665.5 |
   Elven Halls |   4651 |   4438 |    213 |      0 |   3244 |   3 | 1550.3 |
        Vaults |   6908 |   6188 |    720 |     37 |   4103 |   5 | 1381.6 |
         Crypt |   3475 |   3359 |    116 |    501 |   1810 |   3 | 1158.3 |
        Depths |   9102 |   8667 |    435 |   1945 |   3940 |   4 | 2275.5 |
          Hell |    616 |    564 |     52 |      0 |    129 |   1 |  616.0 |
           Dis |   3381 |   3329 |     52 |    452 |   1612 |   7 |  483.0 |
       Gehenna |   1097 |   1097 |      0 |     93 |    102 |   7 |  156.7 |
       Cocytus |   2311 |   2171 |    140 |      0 |   1098 |   7 |  330.1 |
         Abyss |   1057 |   1057 |      0 |    103 |    165 |   4 |  264.2 |
   Pandemonium |  13620 |  13620 |      0 |    379 |   8418 |  16 |  851.2 |
        Bazaar |    212 |    212 |      0 |     42 |    148 |   1 |  212.0 |
         Trove |     77 |     77 |      0 |      0 |      0 |   1 |   77.0 |
      Ice Cave |    947 |    947 |      0 |      0 |    399 |   1 |  947.0 |
               +--------+--------+--------+--------+--------+-----+--------+

Top non-repeatable levels by time:
 Snake:4: 3833 daAuts
Depths:2: 3418 daAuts
Shoals:2: 2508 daAuts
Depths:3: 2472 daAuts
   Dis:7: 2453 daAuts
 Snake:1: 2099 daAuts
   Elf:1: 2036 daAuts
    D:12: 2031 daAuts
Depths:4: 1739 daAuts
Vaults:3: 1577 daAuts
  Lair:3: 1499 daAuts
Depths:1: 1472 daAuts
Vaults:2: 1463 daAuts
Vaults:1: 1397 daAuts
Vaults:4: 1394 daAuts
